 Dungeon Crawl Stone Soup version 0.30.0-5-g1a98f26d00 (webtiles) character file.

Game seed: 6122511622436200079

13877721 persistantfolly the Conqueror (level 27, 224/224 HPs)
             Began as a Barachi Monk on May 7, 2023.
             Was the Champion of Hepliaklqana.
             Escaped with the Orb
             ... and 15 runes on May 12, 2023!
             The game lasted 11:40:44 (115246 turns).

persistantfolly the Conqueror (Barachi Monk)      Turns: 115246, Time: 11:40:45

Health: 224/224    AC: 41    Str: 18    XL:     27
Magic:  53/53      EV: 38    Int: 15    God:    Hepliaklqana [******]
Gold:   12812      SH:  0    Dex: 33    Spells: 0/78 levels left

rFire   + . .        a - +9 triple sword (heavy)
rCold   + . .        (shield currently unavailable)
rNeg    + + .        Q - +10 pearl dragon scales
rPois   +            p - +2 helmet {SInv}
rElec   +            x - scarf {rC+ rF+}
rCorr   .            D - +0 pair of gloves of Num Exuo {Regen+ Dex+2}
SInv    +            s - +2 pair of boots {Stlth+}
Will    +++..        o - amulet "Dirounwe" {RegenMP rPois}
Stlth   +++          S - +6 ring of dexterity
HPRegen 1.37/turn    Y - ring "Luwule" {Drain rElec rN+ Will+ Str+6}
MPRegen 0.73/turn

%: no passive effects
@: studying 3 skills, slow
A: reduced essence, amphibious, slowness 1, strong legs 2, +LOS, sturdy frame 1
0: Orb of Zot
}: 15/15 runes: barnacled, slimy, silver, golden, iron, obsidian, icy, bone,
abyssal, demonic, glowing, magical, fiery, dark, gossamer
a: Hop, Renounce Religion, Recall Ancestor, Ancestor Identity, Transference,
Idealise


You escaped.
You worshipped Hepliaklqana.
Hepliaklqana was exalted by your worship.
You visited 18 branches of the dungeon, and saw 86 of its levels.
You visited Pandemonium 4 times, and saw 23 of its levels.
You visited the Abyss 1 time.
You visited 1 ziggurat, and saw 11 of its levels.
You also visited: Ice Cave and Volcano.

You collected 19271 gold pieces.
You spent 6459 gold pieces at shops.

Inventory:

Hand Weapons
 a - a +9 heavy triple sword (weapon)
 f - a +9 heavy arbalest
 U - the +6 great sword of the Ancients {heavy, rElec Str+4 Dex+3 SInv}
   (You found it on level 11 of a ziggurat)

   Str:       It affects your strength (+4).
   Dex:       It affects your dexterity (+3).
   rElec:     It insulates you from electricity.
   SInv:      It lets you see invisible.
Armour
 p - a +2 helmet of see invisible (worn)
 s - a +2 pair of boots of stealth (worn)
 x - a scarf of resistance (worn)
 D - the +0 pair of gloves of Num Exuo (worn) {Regen+ Dex+2}
   (You acquired it in Pandemonium)

   Dex:       It affects your dexterity (+2).
   Regen:     It increases your rate of health regeneration.
 Q - +10 pearl dragon scales (worn)
 V - a +2 cloak of preservation
Jewellery
 o - the amulet "Dirounwe" (around neck) {RegenMP rPois}
   (You found it on level 4 of the Shoals)

   [amulet of magic regeneration]

   It increases your rate of magic regeneration.
   rPois:     It protects you from poison.
 B - the ring of Xom's Recklessness {rC+ rCorr MP+9 Str+3 Int-2}
   (You found it on level 3 of the Tomb of the Ancients)

   [ring of resist corrosion]

   Str:       It affects your strength (+3).
   Int:       It affects your intelligence (-2).
   rC:        It protects you from cold.
   MP:        It affects your magic capacity (+9).
   rCorr:     It protects you from acid and corrosion.
 S - a +6 ring of dexterity (left hand)
 T - the ring "Tiugg" {Will+ Str+6 Int+5}
   (You found it in Pandemonium)

   [ring of strength]

   Str:       It affects your strength (+6).
   Int:       It affects your intelligence (+5).
   Will:      It increases your willpower.
 W - the ring of Optimism {rF+ rC+}
   (You found it in Pandemonium)

   [ring of protection from fire]

   rF:        It protects you from fire.
   rC:        It protects you from cold.
 Y - the ring "Luwule" (right hand) {Drain rElec rN+ Will+ Str+6}
   (You took it off an ogre mage on level 5 of the Vaults)

   [ring of strength]

   Str:       It affects your strength (+6).
   rElec:     It insulates you from electricity.
   rN:        It protects you from negative energy.
   Drain:     It drains your maximum health when unequipped.
   Will:      It increases your willpower.
Wands
 k - a wand of polymorph (72)
 q - a wand of digging (49)
 A - a wand of mindburst (92)
 L - a wand of roots (109)
 M - a wand of charming (130)
 N - a wand of flame (151)
 X - a wand of light (92)
Scrolls
 e - 31 scrolls of fog
 h - a scroll of brand weapon
 i - 8 scrolls of fear
 j - 3 scrolls of magic mapping
 m - 21 scrolls of poison
 r - 2 scrolls of butterflies
 C - 11 scrolls of silence
 E - 3 scrolls of enchant weapon
 F - 10 scrolls of teleportation
 G - 6 scrolls of blinking
 I - 22 scrolls of immolation
Potions
 b - 3 potions of mutation
 c - 13 potions of ambrosia
 d - 7 potions of resistance
 g - 51 potions of curing
 l - 15 potions of brilliance
 t - a potion of cancellation
 v - 4 potions of haste
 w - 14 potions of lignification
 z - 19 potions of heal wounds
 H - 9 potions of invisibility
 K - 16 potions of might
 P - 6 potions of magic
 R - 10 potions of berserk rage
 Z - 2 potions of attraction
Miscellaneous
 n - a box of beasts
 u - a phial of floods
 y - a figurine of a ziggurat
 J - a lightning rod (4/4)
 O - a condenser vane


   Skills:
 O Level 27 Fighting
 O Level 27 Long Blades
 - Level 20.0 Ranged Weapons
 - Level 5.0 Throwing
 * Level 23.8 Armour
 - Level 25.0 Dodging
 * Level 18.5 Stealth
 - Level 26.0 Spellcasting
 - Level 4.0 Conjurations
 - Level 23.0 Hexes
 * Level 16.6 Summonings
 - Level 22.0 Necromancy
 - Level 12.0 Translocations
 - Level 23.0 Transmutations
 * Level 12.8 Ice Magic
 * Level 12.4 Air Magic
 - Level 4.0 Poison Magic
 * Level 13.5 Invocations
 * Level 18.4 Evocations


You couldn't memorise any spells.
You knew the following spells:

 Your Spells              Type           Power      Damage    Failure   Level
b - Lesser Beckoning      Tloc           100%       N/A       1%          2
d - Mephitic Cloud        Conj/Pois/Air  39%        N/A       1%          3
e - Enfeeble              Hex            36%        N/A       1%          7
g - Passage of Golubria   Tloc           53%        N/A       1%          4
y - Yara's Violent Unrav  Hex/Tmut       36%        3d15      0%          5
B - Blink                 Tloc           100%       N/A       1%          2
D - Discord               Hex            36%        N/A       1%          8
E - Silence               Hex/Air        32%        N/A       1%          5
F - Summon Forest         Summ/Tloc      29%        N/A       1%          5
G - Summon Guardian Gole  Hex/Summ       68%        N/A       0%          3
L - Summon Small Mammal   Summ           100%       N/A       0%          1
M - Manifold Assault      Tloc           53%        N/A       1%          4
N - Necromutation         Tmut/Necr      36%        N/A       1%          8
O - Ozocubu's Armour      Ice            55%        N/A       1%          3
P - Portal Projectile     Hex/Tloc       100%       N/A       0%          3
R - Frozen Ramparts       Ice            100%       1d16      1%          3
S - Swiftness             Air            54%        N/A       1%          3
U - Sublimation of Blood  Necr           71%        N/A       0%          2
V - Summon Mana Viper     Hex/Summ       68%        N/A       1%          5
W - Wereblood             Tmut           73%        N/A       0%          2

Your spell library contained the following spells:

 Spells                   Type           Power      Damage    Failure   Level
 Beastly Appendage        Tmut           100%       N/A       0%          1
 Freeze                   Ice            100%       1d10      0%          1
 Kiss of Death            Conj/Necr      100%       2d13      0%          1
 Slow                     Hex            100%       N/A       0%          1
 Sting                    Tmut/Pois      100%       1d8       0%          1
 Call Imp                 Summ           100%       N/A       0%          2
 Ensorcelled Hibernation  Hex/Ice        100%       N/A       0%          2
 Call Canine Familiar     Summ           62%        N/A       0%          3
 Confusing Touch          Hex            73%        N/A       0%          3
 Tukima's Dance           Hex            73%        N/A       0%          3
 Vampiric Draining        Necr           71%        2d11      0%          3
 Anguish                  Hex/Necr       36%        N/A       0%          4
 Animate Dead             Necr           71%        N/A       0%          4
 Cause Fear               Hex            36%        N/A       0%          4
 Dispel Undead            Necr           71%        3d24      0%          4
 Agony                    Necr           71%        N/A       0%          5
 Blade Hands              Tmut           36%        N/A       0%          5
 Foxfire                  Conj/Fire      100%       2x1d9     1%          1
 Magic Dart               Conj           100%       1d8       1%          1
 Shock                    Conj/Air       100%       1d9       1%          1
 Momentum Strike          Conj/Tloc      86%        3d10      1%          2
 Passwall                 Tmut/Erth      43%        N/A       1%          2
 Poisonous Vapours        Pois/Air       88%        N/A       1%          2
 Searing Ray              Conj           62%        2d6       1%          2
 Dazzling Flash           Conj/Hex       100%       N/A       1%          3
 Gell's Gravitas          Tloc           53%        N/A       1%          3
 Hailstorm                Conj/Ice       44%        3d10      1%          3
 Ignite Poison            Fire/Tmut/Pois 46%        N/A       1%          3
 Inner Flame              Hex/Fire       52%        N/A       1%          3
 Spider Form              Tmut/Pois      56%        N/A       1%          3
 Teleport Other           Tloc           53%        N/A       1%          3
 Vhi's Electric Charge    Tloc/Air       100%       N/A       1%          3
 Volatile Blastmotes      Fire/Tloc      74%        2d16      1%          3
 Airstrike                Air            27%        2d(4-20)  1%          4
 Animate Armour           Summ/Erth      88%        N/A       1%          4
 Fulminant Prism          Conj/Hex       28%        3d13      1%          4
 Ice Form                 Ice/Tmut       65%        N/A       1%          4
 Iskenderun's Mystic Bla  Conj/Tloc      43%        2d10      1%          4
 Leda's Liquefaction      Hex/Erth       26%        N/A       1%          4
 Petrify                  Tmut/Erth      52%        N/A       1%          4
 Summon Ice Beast         Ice/Summ       59%        N/A       1%          4
 Alistair's Intoxication  Tmut/Pois      37%        N/A       1%          5
 Borgnjor's Vile Clutch   Necr/Erth      25%        N/A       1%          5
 Freezing Cloud           Conj/Ice/Air   24%        6-21      1%          5
 Irradiate                Conj/Tmut      28%        3d21      1%          5
 Metabolic Englaciation   Hex/Ice        32%        N/A       1%          5
 Death Channel            Necr           35%        N/A       1%          6
 Eringya's Noxious Bog    Tmut/Pois      28%        N/A       1%          6
 Simulacrum               Ice/Necr       32%        N/A       1%          6
 Summon Cactus Giant      Summ           31%        N/A       1%          6
 Dragon Form              Tmut           36%        N/A       1%          7
 Haunt                    Necr/Summ      33%        N/A       1%          7
 Storm Form               Tmut/Air       32%        N/A       1%          7
 Arcjolt                  Conj/Air       22%        1d32      2%          5
 Monstrous Menagerie      Summ           31%        N/A       2%          7
 Summon Hydra             Summ           31%        N/A       2%          7
 Borgnjor's Revivificati  Necr           35%        N/A       2%          8
 Infestation              Necr           35%        N/A       2%          8
 Sandblast                Erth           38%        2d10      3%          1
 Stone Arrow              Conj/Erth      50%        3d10      3%          3
 Scorch                   Fire           38%        2d6       4%          2
 Statue Form              Tmut/Erth      34%        N/A       4%          6
 Olgreb's Toxic Radiance  Pois           31%        N/A       5%          4
 Malign Gateway           Summ/Tloc      29%        N/A       7%          7
 Flame Wave               Conj/Fire      25%        2d8       13%         4
 Sticky Flame             Conj/Fire      25%        2d5       13%         4
 Ozocubu's Refrigeration  Ice            27%        4d13      13%         7
 Iskenderun's Battlesphe  Conj           31%        2d8       16%         5
 Conjure Ball Lightning   Conj/Air       22%        3x3d6     16%         6
 Summon Horrible Things   Summ           31%        N/A       21%         8
 Fireball                 Conj/Fire      12%        3d7       34%         5
 Plasma Beam              Fire/Air       19%        2x1d33    34%         6
 Spellforged Servitor     Conj/Summ      25%        N/A       34%         7
 Death's Door             Necr           35%        N/A       34%         9
 Lee's Rapid Deconstruct  Erth           9%         3d7*      63%         5
 Maxwell's Capacitive Co  Air            27%        ∞         75%         8
 Disjunction              Tloc           26%        N/A       80%         8
 Iron Shot                Conj/Erth      12%        9d3       89%         6
 Starburst                Conj/Fire      12%        6d5       89%         6
 Orb of Destruction       Conj           15%        9d7       99%         7
 Ignition                 Fire           9%         3d5       100%        8
 Lehudib's Crystal Spear  Conj/Erth      12%        10d4      100%        8
 Fire Storm               Conj/Fire      12%        8d3       100%        9
 Polar Vortex             Ice            27%        N/A       100%        9
 Shatter                  Erth           9%         3d11*     100%        9


Dungeon Overview and Level Annotations

Branches:
Dungeon (15/15)            Temple (1/1) D:6            Lair (5/5) D:8
 Shoals (4/4) Lair:3       Spider (4/4) Lair:3        Slime (5/5) Lair:4
    Orc (2/2) D:10            Elf (3/3) Orc:2        Vaults (5/5) D:14
  Crypt (3/3) Vaults:3       Tomb (3/3) Crypt:3      Depths (4/4) D:15
   Hell (visited)             Dis (7/7) Hell            Geh (7/7) Hell
    Coc (7/7) Hell            Tar (7/7) Hell            Zot (5/5) Depths:4
  IceCv (visited)         Volcano (visited)

Altars:
Ashenzari
Cheibriados
Dithmenos
Elyvilon
Fedhas
Gozag
Hepliaklqana
Kikubaaqudgha
Makhleb
Nemelex Xobeh
Okawaru
Qazlal
Ru
Sif Muna
Trog
Uskayaw
Vehumet
Wu Jian
Xom
Yredelemnul
Zin
The Shining One
Jiyva
Lugonu

Shops:
D:2 :   D:4 **   Orc:1 (([[   Orc:2 =(*[   Elf:3 (!   Vaults:2 [=*
Vaults:3 (*=   Depths:2 :==

Portals:
Hell: Depths:1 Depths:2 Depths:3 Depths:4
Abyss: Spider:3 Depths:3
Pandemonium: Depths:1 Depths:2 Depths:3 Depths:4

Annotations:
Vaults:3 2 transporters
Depths:4 1 runed translucent door
Hell exclusion: 3 downstairs
Tar:5 exclusion: oklob plant


Innate Abilities, Weirdness & Mutations

Your life essence is reduced to manifest your ancestor. (-10% HP)
You are amphibious.
You cover ground slowly.
You can hop long distances.
You have an extended range of vision and can be seen from far away.
Your movements are slightly less encumbered by armour. (ER -2)


Message History

Cyrus blocks Moenaer's attack.
Cyrus hits Moenaer with a +0 broad axe of speed.
Moenaer gestures at Cyrus.
The bolt of fire hits Cyrus.
Cyrus resists.
The tree burns like a torch!
Unknown command.
Unknown command.
Unknown command.
Casting: Manifold Assault (safe; 1% risk of failure)
Confirm with . or Enter, or press ? or * to list all spells.
Space momentarily warps into an impossible shape!
You chop Moenaer into pieces!!!
You kill Moenaer!
You cut Koipyekorch into ribbons!!!!
Cyrus blocks Koipyekorch's attack.
Unknown command.
Unknown command.
Casting: Manifold Assault (safe; 1% risk of failure)
Confirm with . or Enter, or press ? or * to list all spells.
Space momentarily warps into an impossible shape!
You closely miss Koipyekorch.
Cyrus hits Koipyekorch with a +0 broad axe of speed!!
Koipyekorch gestures at you.
The spray of metal splinters hits Cyrus but does no damage.
The spray of metal splinters hits you!!
Unknown command.
Unknown command.
Casting: Manifold Assault (safe; 1% risk of failure)
Confirm with . or Enter, or press ? or * to list all spells.
Space momentarily warps into an impossible shape!
You carve Koipyekorch like a ham!!!!
You kill Koipyekorch!
There is an open door here.
There is a staircase leading out of the dungeon here.
You start resting.
HP restored.
You start resting.
Magic restored.
Okay, then.
You have escaped!

#.##.#.......# ##
#.##########.### #§♣#♣#.♣#
#.......#
#♣≈##.♣.#♣♣##.###.#.## #
♣...........♣≈#......# #
♣...........♣♣###.#..# #
#..##'####..♣ ###.#..# #
♣♣..#.)R..#..#♣#..)#..# #
###♣♣...#.@...#...##......#
##.#♣.#..#.P...'..♣.♣#####.#
## ##.#.♣♣...#...P.#...♣#
#.#
.####.####♣#..#.....#..#≈#
#.# .....## #..#######..♣♣#
#.# .##.#.#### #...........#
#.# .##)##.#.#♣#...........#
##.#
.##.###.##.#.##♣.♣.#♣#♣###
##... ............#♣##..#♣♣
#..####...#


You could see the friendly Cyrus the knight (reflecting).

Vanquished Creatures
  Cerebov (Pan)
  Antaeus (Coc:7)
  Asmodeus (Geh:7)
  the Royal Jelly (Slime:5)
  Ereshkigal (Tar:7)
  A seraph (Pan)
  Gloorx Vloq (Pan)
  Lom Lobon (Pan)
  the Serpent of Hell (Coc:7)
  10 dread liches
  An ancient lich (Tomb:3)
  4 orbs of fire
  3 juggernauts
  28 royal mummies
  Frederick (Crypt:2)
  Vv (Zot:3)
  8 shard shrikes
  Margery (Vaults:5)
  2 Killer Klowns (Zot:5)
  A curse toe (Zot:2)
  Saint Roka (Depths:1)
  Xtahua (Vaults:2)
  21 caustic shrikes
  15 golden dragons
  The ghost of Poanarph the Slayer, a veteran GrVM of Kikubaaqudgha (Depths:4)
  3 profane servitors
  23 bone dragons
  22 Brimstone Fiends
  22 Tzitzimimeh
  A pearl dragon (Pan)
  18 doom hounds
  3 spectral shard shrikes
  2 electric golems (Zot:5)
  7 hellephants
  6 iron giants
  18 Hell Sentinels
  17 tentacled monstrosities
  20 Ice Fiends
  Rupert (D:12)
  2 walking crystal tomes (Depths:3)
  A walking frostbound tome (Depths:4)
  12 titans
  A walking earthen tome (Depths:3)
  14 tainted leviathans
  20 searing wretches
  2 walking divine tomes (Depths:4)
  A deep elf blademaster (Elf:2)
  A deep elf master archer (Elf:3)
  The ghost of Kyerol the Warrior, an adept TeSu of Ashenzari (Elf:3)
  42 Executioners
  4 quicksilver dragons
  6 liches
  26 Orb Guardians
  A tentacled starspawn (Abyss:3)
  2 krakens
  17 pandemonium lords
  8 sphinxes
  7 death cobs
  22 acid blobs
  22 ancient champions
  Agnes (Spider:1)
  19 storm dragons
  7 shadow dragons
  11 tengu reavers
  9 quicksilver elementals
  12 daevas
  13 rockslimes
  30 narguns
  26 azure jellies
  5 draconian monks
  18 fire giants
  15 vault wardens
  19 frost giants
  2 draconian knights
  10 emperor scorpions
  40 balrugs
  7 revenants
  11 demonspawn warmongers (Pan)
  6 deep elf sorcerers
  9 iron dragons
  A caustic shrike zombie (Hell)
  3 deep elf elementalists (Elf:3)
  4 shard shrike simulacra
  2 orc warlords
  The ghost of Mangosteen the Thaumaturge, a journeyman GnCj of Okawaru (D:14)
  11 ghost moths
  10 ghouls
  A draconian scorcher (Zot:3)
  3 caustic shrike skeletons
  6 draconian shifters
  6 curse skulls
  3 spectral caustic shrikes
  4 draconian stormcallers
  24 reapers
  13 cacodemons
  4 spriggan defenders
  32 angels (Pan)
  14 ironbound preservers
  7 demonspawn corrupters (Pan)
  6 quicksilver oozes
  5 demonspawn blood saints (Pan)
  8 draconian annihilators
  25 very ugly things
  37 war gargoyles
  2 broodmothers
  13 ophanim (Pan)
  2 juggernaut skeletons
  The ghost of Dittersdorf the Fighter, a journeyman MiBe of Trog (D:13)
  7 stone giants
  4 vampire knights
  5 ironbound thunderhulks
  15 black draconians
  21 apis (Pan)
  15 putrid mouths
  8 red draconians
  3 deep elf demonologists (Elf:3)
  21 elemental wellsprings
  20 yellow draconians
  10 green draconians
  6 bennus (Tomb:3)
  12 purple draconians
  19 dire elephants
  7 spark wasps
  12 demonspawn black suns
  9 deep elf annihilators
  9 white draconians
  11 lorocyprocas
  17 wendigos
  13 eidola
  13 jiangshi
  17 green deaths
  3 merfolk javelineers (Shoals:4)
  20 mummy priests
  4 merfolk impalers
  An ettin (shapeshifter) (Vaults:5)
  9 deep elf death magi
  5 spectral spriggans
  13 yaktaur captains
  20 iron golems
  Josephine (Lair:3)
  A spectral iron giant (Tar:6)
  28 blizzard demons
  A crystal guardian (Hell)
  5 entropy weavers
  9 ettins
  3 deep elf high priests
  5 fire dragons
  7 great orbs of eyes
  6 hell beasts
  3 spriggan zombies (Hell)
  3 rakshasas
  A peacekeeper (Vaults:2)
  A quicksilver dragon skeleton (Crypt:3)
  26 vault guards
  4 ogre magi (Vaults:5)
  A hydra (D:15)
  6 ice dragons
  4 salamander tyrants
  Fannar (Orc:1)
  5 radroaches
  Erolcha (D:12)
  6 juggernaut simulacra
  7 merfolk aquamancers
  A spectral human (Tar:1)
  4 caustic shrike simulacra
  9 stokers
  5 ironbound frosthearts
  A spriggan air mage (Depths:2)
  2 satyrs
  2 death knights
  3 merfolk avatars
  A fenstrider witch skeleton (Pan)
  9 boulder beetles
  8 centaur warriors
  3 jorogumos
  The ghost of scisormetimb3rs the Basher, a journeyman GrFi of Qazlal (D:9)
  4 two-headed ogres
  An alligator snapping turtle (Shoals:4)
  24 dancing weapons
  26 death scarabs
  3 death yaks
  4 deep troll shamans (Depths:4)
  16 hell hogs
  5 tengu warriors
  11 vampire magi
  A thrashing horror (Abyss:3)
  5 deep troll earth magi
  2 spectral dire elephants
  4 spriggan berserkers
  2 orc high priests (Orc:2)
  34 soul eaters
  3 holy swine (Pan)
  16 hell knights
  11 deep elf knights
  88 sun demons
  A spectral bunyip (Tar:1)
  2 sun moths
  4 wretched stars (Abyss:3)
  8 iron trolls
  4 pharaoh ants
  8 crystal echidnas
  23 shadow wraiths
  47 skeletal warriors
  5 spriggans
  3 titan skeletons
  2 skysharks
  24 sixfirhies
  4 flayed ghosts
  A sea snake (shapeshifter) (Vaults:5)
  7 sea snakes
  A spark wasp zombie (Crypt:3)
  2 golden dragon zombies
  A death drake (Zig:3)
  A spectral anaconda (Lair:5)
  2 obsidian statues
  A spriggan druid (Zig:3)
  5 glowing orange brains
  13 cherubim
  4 quicksilver dragon simulacra
  26 deep trolls
  4 orange crystal statues (Hell)
  6 deep elf archers
  A deep troll (shapeshifter) (Depths:3)
  3 anaconda skeletons
  28 shadow demons
  5 bog bodies
  2 spectral hydras (Tar:2)
  21 spriggan simulacra
  2 bunyip skeletons (Crypt:3)
  4 orb spiders
  A sphinx zombie (Crypt:1)
  35 deep elf pyromancers
  11 necromancers
  14 wizards
  4 steelbarb worms
  25 deep elf zephyrmancers
  11 ironbound convokers
  11 lindwurms
  4 harpies
  12 phantasmal warriors
  14 starcursed masses (Abyss:3)
  A shadow dragon zombie (Hell)
  4 orc knights
  101 large abominations
  30 ugly things
  A fire giant zombie (Depths:2)
  3 oklob plants
  A mana viper (shapeshifter) (Depths:3)
  A spectral ettin (Tar:3)
  6 shining eyes
  5 orc sorcerers
  12 manticores
  5 fauns
  23 wolf spiders
  4 cyclopes
  A worldbinder (Abyss:3)
  12 elephants
  3 rust devils
  2 dire elephant zombies
  11 merfolk sirens
  8 water nymphs
  29 moths of wrath
  Maurice (D:12)
  46 demonic crawlers
  5 torpor snails
  A spectral alligator snapping turtle (Tar:1)
  14 vault sentinels
  37 orange demons
  2 stone giant skeletons
  7 gargoyles
  10 ice statues
  A black mamba (Lair:1)
  A storm dragon simulacrum (Depths:2)
  A centaur skeleton (Crypt:3)
  11 cane toads
  2 molten gargoyles (Hell)
  2 eyes of devastation
  4 dire elephant skeletons
  57 smoke demons
  30 hellions
  2 rime drakes
  An alligator snapping turtle skeleton (Crypt:3)
  20 yaktaurs
  A yaktaur (shapeshifter) (Depths:2)
  2 unseen horrors
  11 anaconda simulacra
  10 efreet
  A sea snake zombie (Hell)
  3 iron giant simulacra
  2 bunyip simulacra (Coc:1)
  2 kobold demonologists
  3 spectral harpies
  3 komodo dragons
  20 freezing wraiths
  An unseen horror zombie (Crypt:3)
  28 tormentors
  2 spectral nagas
  A yaktaur zombie (Vaults:4)
  17 ice devils
  A tengu conjurer (Depths:2)
  3 golden dragon simulacra
  6 hydra zombies (Hell)
  20 merfolk
  22 guardian mummies
  A hydra skeleton (Hell)
  10 red devils
  2 meliai
  A meliai (shapeshifter) (Elf:2)
  A sea snake skeleton (Hell)
  6 harpy skeletons
  A silent spectre (Tar:4)
  34 hellwings
  4 hornets
  2 ancient zymes (Abyss:3)
  2 polar bears
  10 trolls
  3 wind drakes
  A shadow dragon simulacrum (Coc:1)
  A spectral elephant (Lair:5)
  25 tarantellas
  A blink frog (D:8)
  A tyrant leech (shapeshifter) (Vaults:5)
  2 stone giant simulacra
  Grinder (D:3)
  A frost giant simulacrum (Vaults:4)
  An iron dragon simulacrum (Coc:5)
  84 slime creatures
  5 snapping turtles
  21 flying skulls
  A dream sheep (shapeshifter) (Elf:3)
  15 culicivoras
  2 ettin skeletons (Crypt:3)
  8 dream sheep
  13 jumping spiders
  2 shadows
  36 yaks
  4 naga simulacra
  53 ynoxinuls
  A wyvern (Lair:5)
  2 alligator skeletons (Volcano)
  22 water elementals
  10 dire elephant simulacra
  17 wraiths
  4 centaur simulacra
  3 fire elementals
  3 basilisks
  14 golden eyes
  An alligator snapping turtle simulacrum (Shoals:4)
  A golden eye (shapeshifter) (D:7)
  10 ushabtiu
  A black mamba skeleton (Crypt:1)
  A small abomination (Abyss:3)
  Menkaure (D:5)
  A death yak simulacrum (Shoals:4)
  3 minotaur simulacra (IceCv)
  11 humans (D:14)
  58 chaos spawn
  40 redbacks
  5 vampire mosquitoes
  An acid dragon (shapeshifter) (D:14)
  20 harpy simulacra
  30 neqoxecs
  4 wargs
  An acid dragon (D:9)
  11 water moccasins
  2 hell hounds (D:9)
  A glowing shapeshifter zombie (Hell)
  5 naga skeletons
  2 hydra simulacra
  A floating eye (shapeshifter) (Vaults:5)
  A glowing shapeshifter skeleton (Vaults:4)
  An ice beast (shapeshifter) (Vaults:2)
  2 black bears
  An elephant zombie (Lair:5)
  A floating eye (Pan)
  21 orc warriors
  A dream sheep zombie (Crypt:2)
  A blink frog zombie (Crypt:1)
  An ice beast (D:8)
  2 sky beasts (D:7)
  2 alligator simulacra (IceCv)
  An elf simulacrum (Vaults:4)
  4 ettin simulacra
  A satyr simulacrum (Shoals:4)
  9 wolves
  A knight (Spider:1)
  A boggart (shapeshifter) (Vaults:5)
  5 ogres
  4 boggarts (Vaults:1)
  A tengu (shapeshifter) (D:14)
  7 centaurs
  5 kobold brigands
  A phantom (D:4)
  A hog skeleton (Crypt:1)
  2 earth elementals
  3 scorpions
  5 deep troll simulacra (IceCv)
  A komodo dragon skeleton (Crypt:2)
  9 bullfrogs
  2 necrophages
  4 wights
  A raiju zombie (Crypt:1)
  2 manticore simulacra (Shoals:4)
  A snapping turtle simulacrum (Shoals:4)
  A killer bee (D:8)
  2 lindwurm simulacra (IceCv)
  5 howler monkeys
  2 troll skeletons (Volcano)
  An electric eel (Lair:1)
  7 spriggan skeletons
  7 crimson imps
  A centaur zombie (Crypt:1)
  19 jellies
  3 cyclops simulacra (Shoals:4)
  23 orc priests
  2 hounds
  2 sleepcaps
  4 hell rats (Lair:1)
  29 orc wizards
  7 iguanas
  A tengu skeleton (Crypt:1)
  27 mummies
  A howler monkey skeleton (Crypt:1)
  3 adders
  A swamp drake skeleton (Crypt:2)
  3 shadow imps
  2 white imps (D:7)
  A nameless horror (Orc:2)
  2 worms
  A dart slug (D:4)
  80 orcs
  5 bats
  5 endoplasms
  4 giant cockroaches
  9 goblins
  10 hobgoblins
  14 jackals
  18 kobolds
  3 quokkas
  8 ball pythons
  2 frilled lizards (D:1)
  A goblin skeleton (Crypt:3)
  5 rats
  5 creeping infernos
  29 fire vortices
  3 lurking horrors
  2 starspawn tentacles
  A tentacle (Shoals:4)
3996 creatures vanquished.

Vanquished Creatures (collateral kills)
  2 pandemonium lords
  A seraph (D:13)
  Mnoleg (Pan)
  A dread lich (Tar:7)
  Dispater (Dis:7)
  4 ancient liches
  3 juggernauts
  7 royal mummies
  A Killer Klown (Zot:5)
  2 shard shrikes
  A curse toe (Zot:5)
  Geryon (Hell)
  7 caustic shrikes
  4 golden dragons
  2 profane servitors
  2 bone dragons
  A pearl dragon (Pan)
  5 Tzitzimimeh
  2 Brimstone Fiends (Pan)
  2 iron giants
  A shard shrike zombie (Crypt:1)
  6 doom hounds
  Zenata (Vaults:1)
  7 tainted leviathans
  4 Hell Sentinels
  3 Ice Fiends
  4 tentacled monstrosities
  2 quicksilver dragons
  A deep elf blademaster (Elf:3)
  6 Orb Guardians
  A lich (Tomb:3)
  3 titans
  2 deep elf master archers (Elf:3)
  6 searing wretches
  7 acid blobs
  12 ancient champions
  2 sphinxes
  Polyphemus (Shoals:2)
  A tentacled starspawn (Abyss:3)
  A tengu reaver (Vaults:4)
  5 death cobs
  5 Executioners (Pan)
  2 draconian monks (Zot:1)
  5 storm dragons
  A shadow dragon (Depths:4)
  A rockslime (Slime:5)
  A revenant (Crypt:2)
  Ilsuiw (Shoals:2)
  3 demonspawn warmongers (Pan)
  7 fire giants
  2 draconian scorchers
  4 quicksilver elementals
  6 narguns (Coc:7)
  5 azure jellies (Coc:7)
  A draconian knight (Zot:1)
  An emperor scorpion (Zig:8)
  2 iron dragons
  4 frost giants
  9 balrugs
  7 angels
  3 ghost moths
  3 vault wardens
  A draconian shifter (Zot:2)
  2 shard shrike simulacra (Coc:7)
  3 daevas (Pan)
  A spectral juggernaut (Tar:1)
  8 cacodemons
  A deep elf elementalist (Elf:3)
  4 quicksilver oozes
  A draconian stormcaller (Zot:1)
  A ghoul (Crypt:2)
  9 ironbound preservers
  6 war gargoyles
  6 reapers
  13 very ugly things
  A spriggan defender (Depths:3)
  A stone giant (Vaults:5)
  2 draconian annihilators (Zot:4)
  3 ironbound thunderhulks
  A demonspawn blood saint (Pan)
  6 demonspawn corrupters (Pan)
  An ophan (Pan)
  2 deep elf demonologists (Zig:9)
  7 apis (Pan)
  2 elemental wellsprings (Coc:5)
  A black draconian (Zot:3)
  4 green draconians
  5 vampire knights
  4 putrid mouths
  4 wendigos
  3 white draconians
  4 bennus (Tomb:3)
  3 purple draconians
  5 lorocyprocas (Pan)
  5 spark wasps
  8 yellow draconians
  4 red draconians
  6 eidola
  5 deep elf death magi
  10 demonspawn black suns (Pan)
  4 dire elephants
  6 green deaths
  7 blizzard demons (Pan)
  8 mummy priests
  3 iron golems
  8 jiangshi
  5 fire dragons
  2 great orbs of eyes
  A merfolk javelineer (Zig:2)
  3 yaktaur captains
  2 spectral spriggans
  2 merfolk impalers
  A spectral fenstrider witch (Tar:1)
  2 entropy weavers
  A fenstrider witch zombie (Crypt:1)
  A salamander tyrant (Geh:7)
  An ice dragon (Depths:1)
  A hydra (Lair:5)
  An ogre mage (D:15)
  A caustic shrike simulacrum (Coc:6)
  A spriggan air mage (Depths:3)
  A catoblepas (Shoals:2)
  3 ironbound frosthearts
  A radroach (Spider:3)
  3 hell beasts
  8 vault guards
  3 centaur warriors
  3 juggernaut simulacra
  4 stokers (Geh:7)
  6 boulder beetles
  A jorogumo (Spider:4)
  5 two-headed ogres
  3 spriggan skeletons
  A death knight (Vaults:3)
  4 tengu warriors
  2 death yaks (Shoals:2)
  A deep troll earth mage (Depths:3)
  15 hell hogs
  4 vampire magi
  3 holy swine (Pan)
  25 death scarabs
  A spriggan berserker (Depths:3)
  7 dancing weapons
  An orc high priest (Orc:2)
  11 soul eaters
  A crystal echidna (Dis:7)
  A storm dragon zombie (Hell)
  3 spectral nagas
  24 sun demons
  2 spriggans
  9 deep elf knights
  4 hell knights
  3 iron trolls
  A spectral death yak (Lair:5)
  9 shadow wraiths
  4 skeletal warriors
  5 pharaoh ants
  3 cherubim
  2 fire crabs (Zig:10)
  3 sea snakes
  10 sixfirhies
  A bunyip zombie (Tomb:3)
  A quicksilver dragon simulacrum (Coc:7)
  An orb spider (Spider:4)
  2 bog bodies
  A sun moth (Spider:4)
  15 deep trolls
  2 shadow demons
  A glowing orange brain (Slime:5)
  2 spriggan simulacra (IceCv)
  A tengu zombie (Hell)
  5 lindwurms
  4 necromancers
  5 ironbound convokers
  7 wizards
  A swamp dragon (Lair:5)
  4 phantasmal warriors
  A kraken simulacrum (Shoals:4)
  2 anaconda skeletons
  A flayed ghost (Crypt:2)
  2 steelbarb worms (Spider:4)
  2 deep elf archers (Zig:9)
  2 orc knights
  A stone giant zombie (Hell)
  6 wolf spiders
  2 knights
  6 deep elf pyromancers
  5 deep elf zephyrmancers
  3 orc sorcerers
  A cyclops (D:7)
  4 manticores
  A fire giant zombie (Vaults:3)
  2 iron dragon skeletons
  5 fauns (Shoals:2)
  6 elephants
  20 ugly things
  6 moths of wrath
  6 vault sentinels
  4 merfolk sirens
  A rust devil (Pan)
  2 demonic crawlers (Pan)
  A black mamba (Lair:3)
  9 smoke demons
  An ice statue (Pan)
  44 slime creatures
  2 torpor snails
  A titan simulacrum (Coc:7)
  A dire elephant zombie (Lair:5)
  An elf zombie (Vaults:3)
  A dire elephant skeleton (Crypt:1)
  A gargoyle (D:7)
  6 cane toads
  A centaur skeleton (Tomb:2)
  9 orange demons
  2 efreet
  11 yaktaurs
  3 hellions
  A sea snake zombie (Hell)
  An unseen horror (shapeshifter) (D:15)
  22 guardian mummies
  2 iron giant simulacra
  An ice devil (IceCv)
  2 spectral harpies
  7 freezing wraiths
  9 red devils
  A mana viper zombie (Crypt:3)
  6 tormentors
  A silent spectre (Tar:4)
  2 hellwings (Pan)
  9 merfolk
  2 meliai (D:14)
  3 wind drakes
  2 trolls
  A minotaur skeleton (Crypt:2)
  3 hornets
  5 tarantellas
  A harpy skeleton (Pan)
  11 dream sheep
  3 blink frogs
  26 flying skulls
  Prince Ribbit (D:9)
  9 large abominations
  An alligator skeleton (Volcano)
  8 jumping spiders
  2 snapping turtles
  12 ynoxinuls (Pan)
  3 wraiths
  9 culicivoras
  9 water elementals
  5 ushabtiu
  A small abomination (Zot:4)
  2 dire elephant simulacra
  2 basilisks
  A wyvern (Lair:4)
  12 yaks
  7 chaos spawn (Pan)
  8 humans (D:14)
  A neqoxec (Pan)
  2 minotaur simulacra (IceCv)
  A golden eye (Slime:1)
  29 redbacks
  A vampire mosquito (D:14)
  A sea snake simulacrum (Shoals:4)
  2 wargs
  An alligator snapping turtle simulacrum (Shoals:4)
  A steam dragon (D:10)
  2 harpy simulacra
  8 water moccasins
  A hydra simulacrum (Coc:6)
  2 floating eyes
  An alligator simulacrum (IceCv)
  3 hell hounds
  4 ettin simulacra
  7 orc warriors
  A sky beast (D:6)
  6 wolves
  A centaur (D:7)
  3 ogres
  A dream sheep skeleton (Crypt:3)
  2 kobold brigands
  2 bullfrogs
  A bullfrog (shapeshifter) (D:14)
  2 faun simulacra (Shoals:4)
  3 necrophages
  An earth elemental (Elf:3)
  2 merfolk simulacra (Shoals:4)
  3 deep troll simulacra (IceCv)
  A naga simulacrum (Coc:2)
  4 wights
  An elephant simulacrum (Lair:5)
  2 killer bees
  A manticore simulacrum (Shoals:4)
  A snapping turtle simulacrum (Shoals:4)
  4 howler monkeys
  3 electric eels
  A troll skeleton (Volcano)
  A lava snake (Lair:1)
  3 crimson imps (D:7)
  2 hounds (D:7)
  14 jellies
  3 gnoll boudas
  8 orc priests
  A cyclops simulacrum (Shoals:4)
  A sleepcap (D:6)
  14 orc wizards
  A killer bee zombie (Crypt:2)
  2 centaur simulacra (Shoals:4)
  A tengu skeleton (Crypt:1)
  2 naga skeletons (Volcano)
  20 mummies
  2 white imps (D:7)
  23 orcs
  A goblin (D:10)
  A jackal skeleton (Crypt:1)
  5 kobolds
  5 fire vortices
1287 creatures vanquished.

Vanquished Creatures (others)
  A royal mummy (Tomb:3)
  A shard shrike (Coc:5)
  A Killer Klown (Zot:5)
  A hellephant (Geh:3)
  An Ice Fiend (Coc:6)
  A searing wretch (Geh:3)
  A deep elf master archer (Elf:3)
  2 eldritch tentacles
  An acid blob (Zot:4)
  An ancient champion (Dis:7)
  A draconian monk (Zot:2)
  2 ghost moths
  An ironbound preserver (Vaults:1)
  A shard shrike simulacrum (Coc:5)
  A very ugly thing (Vaults:3)
  An ironbound thunderhulk (Vaults:1)
  A demonspawn blood saint (Pan)
  2 bennus (Tomb:3)
  A stone giant (Vaults:5)
  3 dire elephants (Vaults:1)
  A red draconian (Zot:3)
  A blizzard demon (Pan)
  A green death (Pan)
  2 mummy priests
  3 yaktaur captains (Vaults:2)
  2 vault guards (Vaults:4)
  A juggernaut simulacrum (Coc:4)
  A satyr (Shoals:3)
  The ghost of wallyj24 the Blocker, a novice GnFi of Gozag (D:10)
  13 death scarabs
  4 hell hogs (Geh:3)
  A sixfirhy (Pan)
  A cherub (Pan)
  A skeletal warrior (Crypt:3)
  A deep troll (Vaults:1)
  2 slime creatures
  A shadow demon (Pan)
  A phantasmal warrior (Zig:11)
  A spriggan simulacrum (Coc:7)
  2 wizards (Pan)
  A human skeleton (Vaults:3)
  A smoke demon (Pan)
  A large abomination (Pan)
  A human zombie (Vaults:3)
  10 guardian mummies
  2 merfolk
  4 yaktaurs
  A hellwing (Pan)
  9 flying skulls
  A naga simulacrum (Coc:7)
  A harpy simulacrum (Coc:7)
  A hell hound (Zig:10)
  A jelly (Zot:4)
  5 mummies
  82 knights
  4 orcs
  7 ball lightnings (Pan)
  A creeping inferno (Geh:3)
  3 fire vortices
  A snaplasher vine (Pan)
  4 starspawn tentacles
  13 tentacles
220 creatures vanquished.

Grand Total: 5503 creatures vanquished

Notes
Turn   | Place    | Note
-------+----------+-------------------------------------------
     0 | D:1      | persistantfolly the Barachi Monk began the quest for the
                  | Orb.
     0 | D:1      | Reached XP level 1. HP: 18/18 MP: 1/1
   226 | D:1      | Reached XP level 2. HP: 25/25 MP: 2/2
   679 | D:1      | Reached XP level 3. HP: 26/30 MP: 3/3
  1366 | D:2      | Identified the +4 ring mail of Cufroy {Str+3 Dex+3}
  1483 | D:2      | Found Ylaetes's Book Emporium.
  1968 | D:2      | Reached skill level 5 in Long Blades
  2052 | D:3      | Reached XP level 4. HP: 38/38 MP: 4/4
  2056 | D:3      | Noticed Grinder
  2056 | D:3      | Noticed Sigmund
  2083 | D:4      | Reached XP level 5. HP: 42/43 MP: 5/5
  2156 | D:4      | Reached skill level 1 in Armour
  2156 | D:4      | Found Exzoer's General Store.
  2166 | D:4      | Bought a potion of degeneration for 10 gold pieces
  2233 | D:4      | Reached skill level 5 in Fighting
  2243 | D:4      | Reached XP level 6. HP: 39/51 MP: 6/6
  2307 | D:4      | Found Unieckeu's Assorted Antiques.
  2317 | D:4      | Bought a scroll labelled REESHA CESMAIKHLOLY for 17 gold
                  | pieces
  2317 | D:4      | Bought a curved ivory wand for 68 gold pieces
  2317 | D:4      | Bought a scroll labelled REESHA CESMAIKHLOLY for 17 gold
                  | pieces
  2355 | D:4      | Bought a scroll labelled REESHA CESMAIKHLOLY for 17 gold
                  | pieces
  3045 | D:5      | Entered Level 5 of the Dungeon
  3065 | D:3      | Found a runed translucent door.
  3066 | D:3      | Noticed Crazy Yiuf
  3098 | D:3      | Reached XP level 7. HP: 56/56 MP: 7/7
  3211 | D:3      | You fall into a shaft and drop 3 floors!
  3224 | D:6      | Reached skill level 1 in Evocations
  3375 | D:5      | Noticed Menkaure
  3399 | D:5      | Killed Menkaure
  3528 | D:5      | Reached XP level 8. HP: 63/63 MP: 8/8
  3630 | D:5      | Reached skill level 5 in Dodging
  4052 | D:3      | Killed Grinder
  4122 | D:3      | Crazy Yiuf changed into Crazy Yiuf the howler monkey
  4122 | D:3      | Noticed Crazy Yiuf
  4130 | D:3      | Killed Crazy Yiuf the howler monkey
  4248 | D:3      | Sigmund changed into Sigmund the howler monkey
  4248 | D:3      | Noticed Sigmund
  4253 | D:3      | Killed Sigmund the howler monkey
  4369 | D:6      | Found a staircase to the Ecumenical Temple.
  4376 | Temple   | Entered the Ecumenical Temple
  4660 | Temple   | Became a worshipper of Hepliaklqana the Forgotten
  4660 | Temple   | Reached * piety under Hepliaklqana
  4660 | Temple   | Reached ** piety under Hepliaklqana
  4661 | Temple   | Remembered your ancestor Cyrus as a knight
  4719 | D:6      | Noticed a manticore
  4724 | D:6      | Noticed a troll
  4766 | D:6      | Killed a manticore
  4767 | D:6      | Reached skill level 10 in Long Blades
  4767 | D:6      | Reached skill level 5 in Armour
  4767 | D:6      | Reached XP level 9. HP: 55/62 MP: 9/9
  4919 | D:6      | Found a shimmering blue altar of Sif Muna.
  4953 | D:6      | Killed a troll
  4966 | D:6      | Found a radiant altar of Vehumet.
  4969 | D:6      | Found a shadowy altar of Dithmenos.
  5023 | D:6      | Reached skill level 1 in Invocations
  5568 | D:7      | Noticed a kobold demonologist
  5584 | D:7      | Noticed a red devil
  5620 | D:7      | Killed a kobold demonologist
  5648 | D:7      | Reached XP level 10. HP: 69/69 MP: 11/11
  5660 | D:7      | Noticed a manticore
  5681 | D:7      | Killed a manticore
  5892 | D:7      | Reached skill level 5 in Evocations
  5895 | D:7      | Noticed a boulder beetle
  5924 | D:7      | Killed a boulder beetle
  6192 | D:7      | Noticed a gargoyle
  6196 | D:7      | Killed a gargoyle
  6203 | D:7      | Reached XP level 11. HP: 78/78 MP: 12/14
  6211 | D:7      | Noticed a cyclops
  6221 | D:7      | Noticed a manticore
  6265 | D:7      | Killed a cyclops
  6432 | D:7      | Killed a manticore
  6901 | D:8      | Found a staircase to the Lair.
  7386 | D:8      | Reached *** piety under Hepliaklqana
  7477 | Lair:1   | Entered Level 1 of the Lair of Beasts
  7532 | D:8      | Reached skill level 1 in Ranged Weapons
  7633 | Lair:1   | Reached skill level 10 in Fighting
  7633 | Lair:1   | Reached skill level 5 in Invocations
  8067 | Lair:1   | Reached XP level 12. HP: 75/90 MP: 15/15
  8563 | D:2      | Bought the Spellbook of Subzero Superposition for 576 gold
                  | pieces
  8563 | D:2      | Bought a book of Burglary for 240 gold pieces
  8566 | D:2      | Learned a level 2 spell: Blink
  8570 | D:2      | Learned a level 3 spell: Ozocubu's Armour
  8574 | D:2      | Learned a level 3 spell: Swiftness
  8578 | D:2      | Learned a level 3 spell: Mephitic Cloud
  8781 | Lair:2   | Noticed a skyshark
  8796 | Lair:2   | Killed a skyshark
  8797 | Lair:2   | Reached skill level 1 in Translocations
  8797 | Lair:2   | Reached skill level 1 in Ice Magic
  8820 | Lair:2   | Reached skill level 1 in Spellcasting
  8820 | Lair:2   | Reached skill level 1 in Air Magic
  8992 | Lair:2   | You fall into a shaft and drop 2 floors!
  9129 | Lair:4   | Found a blossoming altar of Fedhas.
  9155 | Lair:4   | Reached **** piety under Hepliaklqana
  9332 | Lair:4   | Found a viscous altar of Jiyva.
  9336 | Lair:4   | Found a staircase to the Slime Pits.
  9471 | Lair:3   | Found a hole to the Spider Nest.
  9740 | Lair:2   | Identified the +2 mace "Hidayx" {holy, *Rage rElec rN+}
  9791 | Lair:2   | Reached skill level 5 in Ranged Weapons
 10222 | Lair:2   | Learned a level 3 spell: Frozen Ramparts
 10225 | Lair:2   | Learned a level 2 spell: Lesser Beckoning
 10451 | Lair:3   | Reached skill level 1 in Conjurations
 10456 | Lair:3   | Gained mutation: You can hop long distances. [Barachi
                  | growth]
 10456 | Lair:3   | Reached XP level 13. HP: 62/97 MP: 18/18
 10481 | Lair:3   | Noticed Josephine
 10485 | Lair:3   | Reached skill level 1 in Poison Magic
 10503 | Lair:3   | Killed Josephine
 10752 | Lair:3   | Identified the +0 robe "Latsiyh" {Fly rCorr Int-3 Dex+4}
 10798 | Lair:3   | Found a staircase to the Shoals.
 11360 | Lair:5   | Entered Level 5 of the Lair of Beasts
 11557 | Lair:5   | Reached skill level 5 in Ice Magic
 11693 | Lair:5   | Reached skill level 5 in Air Magic
 11697 | Lair:5   | Reached skill level 5 in Translocations
 11740 | Lair:5   | Noticed Nessos
 11741 | Lair:5   | Nessos changed into Nessos the swamp dragon
 11741 | Lair:5   | Noticed Nessos
 11754 | Lair:5   | Killed Nessos the swamp dragon
 11840 | Lair:5   | Reached skill level 5 in Spellcasting
 11942 | Lair:5   | Noticed a dire elephant
 11942 | Lair:5   | Noticed a dire elephant
 11942 | Lair:5   | Noticed a dire elephant
 11942 | Lair:5   | Noticed a dire elephant
 11965 | Lair:5   | Noticed a dire elephant
 11992 | Lair:5   | Killed a dire elephant
 12058 | Lair:5   | Reached ***** piety under Hepliaklqana
 12603 | Lair:5   | Got Kikubaaqudgh's Directory of Nightshade
 12872 | D:9      | Reached XP level 14. HP: 107/107 MP: 22/22
 13056 | D:9      | Noticed Prince Ribbit
 13065 | D:9      | Killed Prince Ribbit
 13472 | D:9      | Learned a level 1 spell: Summon Small Mammal
 13476 | D:9      | Learned a level 3 spell: Call Canine Familiar
 13508 | D:9      | Found a runed translucent door.
 13509 | D:9      | Noticed scisormetimb3rs's ghost (journeyman GrFi)
 13905 | D:10     | Entered Level 10 of the Dungeon
 13940 | D:10     | Found a runed translucent gate.
 13940 | D:10     | Found a runed translucent gate.
 13940 | D:10     | Found a runed translucent gate.
 13941 | D:10     | Found a viscous altar of Jiyva.
 13941 | D:10     | Noticed wallyj24's ghost (novice GnFi)
 14119 | D:10     | Found a staircase to the Orcish Mines.
 14430 | D:10     | Reached skill level 1 in Summonings
 14473 | Orc:1    | Entered Level 1 of the Orcish Mines
 14485 | Orc:1    | Noticed Fannar
 14497 | Orc:1    | Found Soryuss's Weapon Emporium.
 14579 | Orc:1    | Found Omesaw's Weapon Boutique.
 14607 | Orc:1    | Found a dark tunnel.
 14617 | Volcano  | Entered a volcano
 15346 | Orc:2    | Entered Level 2 of the Orcish Mines
 15408 | Orc:1    | Found Bubbaedgh's Antique Armour Shop.
 15422 | Orc:1    | Bought a glowing cloak for 240 gold pieces
 15444 | Orc:1    | Killed Fannar
 16113 | Orc:1    | Bought 3 datura-tipped darts for 32 gold pieces
 16175 | Orc:1    | Found Jiwnitif's Antique Armour Emporium.
 16186 | Orc:1    | Bought an ancient leather armour for 168 gold pieces
 16186 | Orc:1    | Identified the +1 leather armour of the Five Gods {Dex+6}
                  | (You bought it in a shop on level 1 of the Orcish Mines)
 16186 | Orc:1    | Bought a dazzling scale mail for 216 gold pieces
 16186 | Orc:1    | Identified the +6 scale mail of Dramatic Exits {rF++} (You
                  | bought it in a shop on level 1 of the Orcish Mines)
 16510 | Orc:2    | Found a staircase to the Elven Halls.
 16714 | Orc:2    | Reached skill level 1 in Throwing
 17400 | Orc:2    | Noticed an orc warlord
 17509 | Orc:2    | Killed an orc warlord
 17750 | Orc:2    | Found Togailoy's Antique Armour Emporium.
 17751 | Orc:2    | Found Noviddem's Antique Weapon Emporium.
 17754 | Orc:2    | Found Itogaorr's General Store.
 17754 | Orc:2    | Found Yse Pynt's Jewellery Shoppe.
 17759 | Orc:2    | Bought a scroll of enchant armour for 97 gold pieces
 17769 | Orc:2    | Bought a pair of smoking gloves for 313 gold pieces
 17769 | Orc:2    | Identified the +0 pair of gloves "Giczep" {Str+9 Stlth+}
                  | (You bought it in a shop on level 2 of the Orcish Mines)
 17784 | Orc:2    | Bought a glowing arbalest for 225 gold pieces
 17787 | Orc:2    | Bought a bloodstained leather armour for 231 gold pieces
 17787 | Orc:2    | Identified the +1 leather armour of Absence {Will+} (You
                  | bought it in a shop on level 2 of the Orcish Mines)
 18277 | Lair:5   | Reached XP level 15. HP: 112/113 MP: 24/24
 18972 | D:9      | Killed scisormetimb3rs's ghost
 19925 | D:12     | Reached skill level 15 in Long Blades
 19989 | D:12     | Noticed Rupert
 20002 | D:12     | Killed Rupert
 20096 | D:12     | Found a glowing golden altar of the Shining One.
 20124 | D:12     | Reached ****** piety under Hepliaklqana
 20300 | D:12     | Noticed Erolcha
 20308 | D:12     | Killed Erolcha
 20358 | D:12     | Noticed Maurice
 20371 | D:12     | Killed Maurice
 21119 | D:13     | Found a corrupted altar of Lugonu.
 21201 | D:13     | Reached skill level 5 in Summonings
 21412 | D:13     | Found a runed translucent door.
 21420 | D:13     | Noticed Dittersdorf's ghost (journeyman MiBe)
 21440 | D:13     | Killed Dittersdorf's ghost
 21527 | D:13     | Identified the +2 leather armour of Quantum Leap {rC+
                  | Will+}
 21975 | D:14     | Noticed Mangosteen's ghost (journeyman GnCj)
 21979 | D:14     | Found a transporter.
 22369 | D:14     | Found a transporter.
 22562 | D:14     | Reached XP level 16. HP: 120/120 MP: 21/26
 22721 | D:14     | Found a gate to the Vaults.
 22947 | D:15     | Entered Level 15 of the Dungeon
 22976 | D:15     | Identified the +1 robe of Eternal Night {rN++ Will+ Str-2
                  | SInv}
 23069 | D:15     | Reached skill level 10 in Ranged Weapons
 23138 | D:15     | Paralysed by something for 3 turns
 23585 | D:15     | Found a staircase to the Depths.
 23940 | Lair:1   | Learned a level 4 spell: Manifold Assault
 23962 | Lair:1   | Upgraded the game from 0.30.0 to 0.30.0-3-ga4e48a9924
 24046 | Spider:1 | Entered Level 1 of the Spider Nest
 24121 | Spider:1 | Reached skill level 15 in Fighting
 24129 | Spider:1 | Reached skill level 5 in Throwing
 24191 | Spider:1 | Identified the +3 quarterstaff "Hasm" {flame, rN+}
 24309 | Spider:1 | Noticed Agnes
 24338 | Spider:1 | HP: 2/122 [Agnes/+4 lajatang of electrocution (19)]
 24347 | Spider:1 | Killed Agnes
 24485 | Spider:1 | Reached skill level 10 in Dodging
 24942 | Spider:1 | Reached XP level 17. HP: 69/127 MP: 29/29
 27056 | Spider:3 | Found a corrupted altar of Lugonu.
 27146 | Spider:3 | Found a one-way gate to the infinite horrors of the Abyss.
 27506 | Spider:3 | Reached skill level 10 in Armour
 27688 | Spider:4 | Entered Level 4 of the Spider Nest
 28461 | Spider:4 | Found the +8 lance "Wyrmbane" {slay drac, rPois rF+ rC+
                  | AC+3}
 28479 | Spider:4 | Reached XP level 18. HP: 115/134 MP: 24/30
 28652 | Spider:4 | Gained mutation: You are occasionally teleported next to
                  | monsters. [mutagenic glow]
 28756 | Spider:4 | Lost mutation: You are occasionally teleported next to
                  | monsters. [potion of mutation]
 28756 | Spider:4 | Gained mutation: Your mind is acute. (Int +4, Str/Dex -1)
                  | [potion of mutation]
 29628 | Spider:4 | Identified the +1 pair of gloves of the Jabberwock {+Blink
                  | Str+3}
 29698 | Spider:4 | Got a gossamer rune of Zot
 29878 | Lair:1   | Learned a level 3 spell: Summon Guardian Golem
 29881 | Lair:1   | Learned a level 2 spell: Sublimation of Blood
 30015 | Vaults:1 | Entered Level 1 of the Vaults
 30152 | D:10     | Killed wallyj24's ghost
 30396 | D:14     | Reached skill level 1 in Hexes
 30418 | D:14     | Killed Mangosteen's ghost
 30509 | D:14     | Identified the +9 sling of Gougainn {elec, rElec rPois
                  | Str+3 Dex-5}
 31121 | Vaults:1 | Identified a scroll of acquirement
 31250 | Vaults:1 | Noticed Zenata
 31287 | Vaults:1 | Killed Zenata
 31493 | Vaults:1 | Acquired a +2 heavy triple sword
 32076 | Vaults:1 | Reached skill level 15 in Ranged Weapons
 32150 | Vaults:1 | Reached XP level 19. HP: 139/139 MP: 31/31
 33169 | Vaults:1 | Reached skill level 5 in Hexes
 33366 | Vaults:2 | Found Kodot's Assorted Antiques.
 33375 | Vaults:2 | Bought a scroll of fear for 104 gold pieces
 33375 | Vaults:2 | Bought a scroll of teleportation for 78 gold pieces
 33549 | Vaults:2 | Reached skill level 10 in Translocations
 34010 | Vaults:2 | Noticed Xtahua
 34032 | Vaults:2 | Killed Xtahua
 34536 | Vaults:2 | Found Istaejos's Jewellery Shoppe.
 34552 | Vaults:2 | Found Nealetierch's Armour Shop.
 34574 | Vaults:2 | Bought a +6 ring of dexterity for 540 gold pieces
 35092 | Vaults:3 | Identified the amulet of Moral Flaws {*Slow rElec Regen+
                  | SInv}
 35095 | Vaults:3 | Found a staircase to the Crypt.
 35179 | Vaults:3 | Reached XP level 20. HP: 131/134 MP: 29/32
 35234 | Vaults:3 | Found Usaide's Jewellery Boutique.
 35241 | Vaults:3 | Found Cexular's General Store.
 35250 | Vaults:3 | Bought a scroll of fog for 44 gold pieces
 35250 | Vaults:3 | Bought a wand of light (5) for 231 gold pieces
 36180 | Vaults:3 | Found a transporter.
 36181 | Vaults:3 | Found Pibrier's Weapon Shop.
 36183 | Vaults:3 | Found a transporter.
 37605 | Vaults:4 | Reached XP level 21. HP: 139/151 MP: 33/33
 38248 | Lair:1   | Upgraded the game from 0.30.0-3-ga4e48a9924 to
                  | 0.30.0-5-g1a98f26d00
 38294 | Shoals:1 | Entered Level 1 of the Shoals
 38374 | Shoals:1 | Got Yxuinasu's Precepts of Mercurial Hail
 38625 | Shoals:1 | You fall into a shaft and drop 1 floor!
 38793 | Shoals:2 | Noticed Ilsuiw
 38808 | Shoals:2 | Killed Ilsuiw
 39014 | Shoals:2 | Noticed Polyphemus
 39023 | Shoals:2 | Killed Polyphemus
 40183 | Shoals:4 | Entered Level 4 of the Shoals
 40320 | Shoals:4 | Reached skill level 1 in Necromancy
 40346 | Shoals:4 | Found a runed translucent gate.
 40346 | Shoals:4 | Found a runed translucent gate.
 40346 | Shoals:4 | Found a runed translucent gate.
 40545 | Shoals:4 | Identified the amulet "Dirounwe" {RegenMP rPois}
 41191 | Shoals:4 | Got a barnacled rune of Zot
 41527 | Shoals:4 | Reached skill level 10 in Summonings
 42550 | Vaults:5 | Entered Level 5 of the Vaults
 42606 | Vaults:4 | Reached XP level 22. HP: 142/161 MP: 13/35
 43143 | Vaults:4 | Reached skill level 10 in Spellcasting
 43260 | Vaults:5 | Noticed a dread lich
 43260 | Vaults:5 | Noticed a golden dragon
 43260 | Vaults:5 | Identified the ring "Luwule" {Drain rElec rN+ Will+ Str+6}
 43280 | Vaults:5 | Killed a dread lich
 43284 | Vaults:5 | Killed a golden dragon
 43416 | Vaults:5 | Identified the +2 long sword of Extinguishment {drain, rC+
                  | rN+ Str+5 Dex-4 SInv}
 43608 | Vaults:5 | Reached skill level 1 in Stealth
 43717 | Vaults:5 | Learned a level 5 spell: Summon Mana Viper
 43730 | Vaults:5 | Noticed a golden dragon
 43732 | Vaults:5 | Killed a golden dragon
 43871 | Vaults:5 | Noticed an ancient lich
 43873 | Vaults:5 | Noticed Margery
 43878 | Vaults:5 | Killed Margery
 43887 | Vaults:5 | Killed an ancient lich
 44308 | Vaults:5 | Noticed a golden dragon
 44313 | Vaults:5 | Killed a golden dragon
 44399 | Vaults:5 | Got a silver rune of Zot
 44498 | Vaults:5 | Reached XP level 23. HP: 164/169 MP: 39/39
 44784 | Vaults:5 | Noticed a golden dragon
 44788 | Vaults:5 | Killed a golden dragon
 44950 | Vaults:5 | Identified the +0 fire dragon scales of Soipp {Contam rElec
                  | rF++ rC- Stlth+}
 45232 | Elf:1    | Entered Level 1 of the Elven Halls
 45258 | Elf:1    | Found a frozen archway.
 45263 | Elf:1    | Reached skill level 10 in Evocations
 45424 | IceCv    | Entered an ice cave
 45674 | IceCv    | Identified the +1 halberd of the Battered Brambles {pain,
                  | rPois}
 45791 | IceCv    | Identified the staff of death "Lisuruep" {rPois rN+ Dex+3}
 46397 | Elf:1    | Got the Secrets of the Collective Barrage
 46424 | Elf:1    | Learned a level 5 spell: Summon Forest
 46576 | Elf:1    | Identified the staff of fire "Ekadica" {rPois rF+ rC++
                  | rCorr Str-4}
 46633 | Elf:1    | Learned a level 5 spell: Silence
 46979 | Elf:2    | Identified the +8 falchion of Superiority {venom, rPois}
 47018 | Elf:2    | Found a runed translucent gate.
 47018 | Elf:2    | Found a runed translucent gate.
 47018 | Elf:2    | Found a runed translucent gate.
 47806 | Elf:3    | Entered Level 3 of the Elven Halls
 48107 | Elf:3    | Reached skill level 10 in Invocations
 48228 | Elf:3    | Found a runed translucent door.
 48228 | Elf:3    | Noticed Kyerol's ghost (adept TeSu)
 48255 | Elf:3    | Found Nackaikk's Antique Weapon Boutique.
 48336 | Elf:3    | Found Virphoam's Distillery.
 48394 | Elf:3    | Bought a potion of curing for 51 gold pieces
 48394 | Elf:3    | Bought a potion of curing for 51 gold pieces
 48394 | Elf:3    | Bought a potion of heal wounds for 85 gold pieces
 48394 | Elf:3    | Bought 2 potions of magic for 272 gold pieces
 48394 | Elf:3    | Bought a potion of curing for 51 gold pieces
 48394 | Elf:3    | Bought 2 potions of mutation for 272 gold pieces
 48394 | Elf:3    | Bought a potion of brilliance for 68 gold pieces
 48416 | Elf:3    | Killed Kyerol's ghost
 48652 | Elf:3    | Reached XP level 24. HP: 183/183 MP: 12/39
 48959 | Elf:3    | Reached skill level 5 in Stealth
 49063 | Elf:3    | Identified the +1 ring mail of Qaohau Ytifo {rF+}
 49355 | Elf:3    | Identified the staff of death "Uxyshru" {rF+ rN+ Str+4
                  | Int-2 Stlth+}
 49620 | Elf:3    | Identified the staff of poison "Fiugu" {Fly rPois Str+2}
 49621 | Elf:3    | Identified the staff of poison "Eproinos" {rPois Dex+2}
 49636 | Elf:3    | Identified the +5 morningstar "Cemiar" {flame, rPois}
 49674 | Elf:3    | Identified the staff of cold "Ofemyejo" {rC+ rN+ MP+9}
 49675 | Elf:3    | Identified the staff of death "Sixkue" {rC- rN+ Will-
                  | Str+9}
 50572 | Depths:1 | Entered Level 1 of the Depths
 50646 | Depths:1 | Noticed Saint Roka
 50649 | Depths:1 | Killed Saint Roka
 50837 | Depths:1 | Found a one-way gate leading to the halls of Pandemonium.
 51179 | Depths:1 | Found a gateway to Hell.
 51199 | Depths:1 | Found a one-way gateway to a ziggurat.
 51870 | Depths:1 | Reached skill level 10 in Ice Magic
 52030 | Depths:2 | Found Zurann's Jewellery Shop.
 52031 | Depths:2 | Found Seiwisk's Book Shoppe.
 52032 | Depths:2 | Found Foga's Jewellery Shop.
 52207 | Depths:2 | Reached skill level 10 in Hexes
 52530 | Depths:2 | Reached skill level 5 in Necromancy
 52645 | Depths:2 | Reached skill level 10 in Air Magic
 52876 | Depths:2 | Reached skill level 15 in Armour
 52879 | Depths:2 | Identified the amulet "Vewocik" {Acrobat rCorr}
 52963 | Depths:2 | Got the Handbook of Hexes and Leadership
 52968 | Depths:2 | Identified the staff of death "Migum" {rPois rN+ Int+3}
 53217 | Depths:3 | Reached XP level 25. HP: 189/189 MP: 32/39
 53484 | Depths:3 | Found a sacrificial altar of Ru.
 53603 | Depths:3 | Noticed a juggernaut
 53610 | Depths:3 | Killed a juggernaut
 53620 | Depths:3 | Identified the ring of Wyocaozy {AC+4 Int+3}
 53741 | Depths:3 | Noticed a juggernaut
 53750 | Depths:3 | Killed a juggernaut
 53868 | Depths:3 | Identified the +2 lajatang of Grand Honour {distort,
                  | Fragile rPois Stlth+}
 53998 | Depths:3 | Learned a level 3 spell: Portal Projectile
 54010 | Depths:3 | Noticed a juggernaut
 54017 | Depths:3 | Killed a juggernaut
 54564 | Depths:3 | Reached skill level 15 in Dodging
 54744 | Depths:4 | Entered Level 4 of the Depths
 55091 | Depths:4 | Found a broken altar of Ashenzari.
 55151 | Depths:4 | Found a runed translucent door.
 55154 | Depths:4 | Noticed Poanarph's ghost (veteran GrVM)
 55155 | Depths:4 | Found a runed translucent door.
 55156 | Depths:4 | Noticed a dread lich
 55472 | Depths:4 | Found a gate to the Realm of Zot.
 55891 | Orc:2    | Bought smoking fire dragon scales for 2145 gold pieces
 55891 | Orc:2    | Identified the +0 fire dragon scales "Koomoapn" {*Corrode
                  | rF++ rC- Str+7} (You bought it in a shop on level 2 of the
                  | Orcish Mines)
 56244 | Crypt:1  | Entered Level 1 of the Crypt
 56833 | Crypt:1  | Identified the +5 chain mail "Wifog" {+Inv Str+2}
 56897 | Crypt:1  | Reached skill level 10 in Stealth
 56897 | Crypt:1  | Reached XP level 26. HP: 196/196 MP: 39/39
 57725 | Crypt:2  | Noticed Frederick
 57735 | Crypt:2  | Killed Frederick
 57863 | Crypt:2  | Found an ancient bone altar of Kikubaaqudgha.
 57983 | Crypt:3  | Entered Level 3 of the Crypt
 58550 | Crypt:3  | Found a staircase to the Tomb.
 58776 | Crypt:3  | Found an ancient bone altar of Kikubaaqudgha.
 58798 | Crypt:3  | Noticed a dread lich
 58812 | Crypt:3  | Killed a dread lich
 59154 | Crypt:3  | Identified the staff of earth "Esufonwa" {Drain rPois rF+
                  | Str+8}
 59165 | Crypt:3  | Got the Quarto of Hiemal Spelunking
 59176 | Crypt:3  | Got the Guide on Unspeakable Secrets
 59651 | Zot:1    | Entered Level 1 of the Realm of Zot
 59664 | Zot:1    | Learned a level 7 spell: Enfeeble
 60055 | Zot:1    | Reached XP level 27. HP: 206/206 MP: 41/41
 60374 | Zot:1    | Reached skill level 15 in Spellcasting
 62522 | Zot:2    | Learned a level 4 spell: Passage of Golubria
 63096 | Zot:3    | Noticed Vv
 64629 | Zot:3    | Killed Vv
 64741 | Zot:4    | Acquired the amulet "Vaopeuf" {Spirit rF+ rC+}
 66398 | Zot:5    | Entered Level 5 of the Realm of Zot
 67279 | Pan      | Entered Pandemonium
 67673 | Pan      | Noticed Dujys the pandemonium lord
 67692 | Pan      | Killed Dujys the pandemonium lord
 68141 | Pan      | Noticed Eqic the pandemonium lord
 68143 | Pan      | Killed Eqic the pandemonium lord
 68254 | Pan      | Reached skill level 15 in Hexes
 68403 | Pan      | Got a demonic rune of Zot
 68979 | Pan      | Noticed Sucw the pandemonium lord
 69012 | Pan      | Killed Sucw the pandemonium lord
 69086 | Pan      | Entered the realm of Gloorx Vloq.
 69159 | Pan      | Reached skill level 27 in Fighting
 69325 | Pan      | Acquired the ring "Fiqul" {Fire rN++}
 69794 | Pan      | Identified the +8 morningstar of the Hills {flame, rF+ rN++
                  | Will- rCorr}
 69798 | Pan      | Noticed Gloorx Vloq
 69806 | Pan      | Killed Gloorx Vloq
 70181 | Pan      | Acquired the +2 pair of gloves of Goloiquvi {Int+3}
 70247 | Pan      | Got a dark rune of Zot
 70380 | Pan      | Found an exit through the horrors of the Abyss.
 70424 | Pan      | Found a transporter.
 70879 | Pan      | Found a transporter.
 71513 | Pan      | Gained mutation: Potions are less effective at restoring
                  | your health. [mutagenic glow]
 71545 | Pan      | Gained mutation: Armour fits poorly on your strangely
                  | shaped body. [mutagenic glow]
 71618 | Pan      | Identified the +5 spear "Simyr" {flame, rN+ Str+6 Dex-3
                  | SInv}
 71620 | Pan      | Identified the ring "Felippuc" {rN+ MP+9 Dex+4}
 71633 | Pan      | Identified the ring of Optimism {rF+ rC+}
 72862 | Pan      | Found an exit through the horrors of the Abyss.
 73391 | Pan      | Lost mutation: Your mind is acute. (Int +4, Str/Dex -1) [a
                  | cacodemon]
 74080 | Pan      | Noticed Tenoq the pandemonium lord
 74094 | Pan      | Killed Tenoq the pandemonium lord
 74183 | Pan      | Identified the +5 hand axe of Fear {vamp, Stlth+}
 74256 | Depths:1 | Escaped Pandemonium
 74487 | Crypt:1  | Lost mutation: Potions are less effective at restoring your
                  | health. [potion of mutation]
 74487 | Crypt:1  | Lost mutation: Armour fits poorly on your strangely shaped
                  | body. [potion of mutation]
 74487 | Crypt:1  | Gained mutation: You have large cloven feet. [potion of
                  | mutation]
 74487 | Crypt:1  | Gained mutation: You have hoof-like feet. [potion of
                  | mutation]
 75249 | Pan      | Entered Pandemonium
 75252 | Pan      | Noticed Hetajips the pandemonium lord
 75259 | Pan      | Killed Hetajips the pandemonium lord
 76082 | Pan      | Found an exit through the horrors of the Abyss.
 76458 | Pan      | Identified the -1 tower shield of Tartarus {rN+}
 76570 | Pan      | Found a white marble altar of Elyvilon.
 77707 | Pan      | Identified the +0 tower shield of Dogmatism {Int+4 Dex-5}
 77987 | Pan      | Found a glowing silver altar of Zin.
 78187 | Pan      | Reached skill level 1 in Transmutations
 78529 | Pan      | Noticed a seraph
 78530 | Pan      | Identified the +5 tower shield of Ygyzi {*Corrode +Blink
                  | Str+8 Int-5}
 78540 | Pan      | Killed a seraph
 78568 | Pan      | Identified the +4 scale mail of Xeseh {rElec Slay+2}
 78568 | Pan      | Identified the ring "Kuhefal" {Will+ Str+3}
 78643 | Pan      | Found a glowing golden altar of the Shining One.
 78651 | Pan      | Identified the +2 robe of the Slightly Bent {Str+2}
 78664 | Pan      | Identified the staff of earth "Wawiuruoc" {Str+4}
 78712 | Depths:1 | Escaped Pandemonium
 78733 | Pan      | Entered Pandemonium
 79237 | Pan      | Noticed Pohopum the pandemonium lord
 79272 | Pan      | Killed Pohopum the pandemonium lord
 79604 | Pan      | Found an exit through the horrors of the Abyss.
 79832 | Pan      | Noticed Dune the pandemonium lord
 79840 | Pan      | Killed Dune the pandemonium lord
 80667 | Pan      | Noticed Miqa the pandemonium lord
 80676 | Pan      | Killed Miqa the pandemonium lord
 80792 | Pan      | Acquired 1188 gold pieces
 80807 | Pan      | Identified the +0 ring mail of Vexation {Regen+ rCorr Int-3
                  | SInv}
 80906 | Pan      | Reached skill level 5 in Transmutations
 81279 | Pan      | Noticed Jaemoenwoh the pandemonium lord
 81282 | Pan      | Killed Jaemoenwoh the pandemonium lord
 81578 | Pan      | Identified the +8 chain mail "Nazo" {rPois rC- Str+5}
 81837 | Pan      | Found an exit through the horrors of the Abyss.
 82183 | Pan      | Noticed Leokypes the pandemonium lord
 82191 | Pan      | Killed Leokypes the pandemonium lord
 82531 | Pan      | Noticed Rokueffa the pandemonium lord
 82546 | Pan      | Killed Rokueffa the pandemonium lord
 82960 | Pan      | Noticed Apsuce the pandemonium lord
 82974 | Pan      | Reached skill level 10 in Necromancy
 82984 | Pan      | Killed Apsuce the pandemonium lord
 82985 | Pan      | Reached skill level 27 in Long Blades
 84002 | Pan      | Noticed Firoklug the pandemonium lord
 84016 | Pan      | Killed Firoklug the pandemonium lord
 84456 | Pan      | Noticed Osehais the pandemonium lord
 84464 | Pan      | Killed Osehais the pandemonium lord
 84834 | Pan      | Noticed Kuusm the pandemonium lord
 84840 | Pan      | Killed Kuusm the pandemonium lord
 85374 | Depths:1 | Escaped Pandemonium
 85492 | Pan      | Entered the realm of Mnoleg.
 85492 | Pan      | Entered Pandemonium
 85563 | Pan      | Identified the +4 spear of Courage {pain, rElec Str+4
                  | Int+3}
 85575 | Pan      | Reached skill level 10 in Transmutations
 85814 | Pan      | Found an exit through the horrors of the Abyss.
 86070 | Pan      | Noticed Mnoleg
 86088 | Pan      | Killed Mnoleg
 86155 | Pan      | Got a glowing rune of Zot
 86242 | Pan      | Entered the realm of Cerebov.
 86316 | Pan      | Identified the +1 robe of Isojum {Will+}
 86920 | Pan      | Found the +6 sword of Cerebov {flame}
 86920 | Pan      | Noticed Cerebov
 86938 | Pan      | Killed Cerebov
 87047 | Pan      | Identified the ring of the Skies Above {rC+ EV+5}
 87188 | Pan      | Identified the +3 scale mail "Davaq" {rF++}
 87196 | Pan      | Identified the +3 long sword of Luoruhuz {spect, Dex+2}
 87208 | Pan      | Identified the +2 pair of gloves of Favvowesk {*Slow rN+++
                  | rCorr Str+3}
 87212 | Pan      | Identified the staff of fire "Gibbeity" {rF+ Str+2}
 87226 | Pan      | Identified the ring "Tiugg" {Will+ Str+6 Int+5}
 87227 | Pan      | Identified the +1 spear of Weps {heavy, rC+ Will+}
 87231 | Pan      | Got the Verses on Lithomancy and the Storm
 87258 | Pan      | Got a fiery rune of Zot
 87307 | Pan      | Acquired the +0 pair of gloves of Num Exuo {Regen+ Dex+2}
 87644 | Pan      | Noticed Ungem the pandemonium lord
 87655 | Pan      | Killed Ungem the pandemonium lord
 87734 | Pan      | Entered the realm of Lom Lobon.
 87736 | Pan      | Acquired the brooch of Shielding {Spirit SH+8}
 87736 | Pan      | Found the brooch of Shielding {Spirit SH+8}
 87910 | Pan      | Found an exit through the horrors of the Abyss.
 87961 | Pan      | Learned a level 5 spell: Yara's Violent Unravelling
 88440 | Pan      | Noticed Lom Lobon
 88691 | Pan      | Killed Lom Lobon
 88756 | Pan      | Got a magical rune of Zot
 88945 | Depths:1 | Escaped Pandemonium
 89246 | Slime:1  | Entered Level 1 of the Pits of Slime
 89847 | Slime:2  | Gained mutation: Your body sometimes deteriorates upon
                  | taking damage. [a shining eye]
 91009 | Slime:5  | Entered Level 5 of the Pits of Slime
 91027 | Slime:5  | Gained mutation: You are frail. (-10% HP) [a shining eye]
 91077 | Slime:4  | Learned a level 8 spell: Necromutation
 91084 | Slime:5  | Noticed the Royal Jelly
 91085 | Slime:5  | Paralysed by a floating eye for 4 turns
 91247 | Slime:5  | Killed the Royal Jelly
 91357 | Slime:5  | Found the +4 Cigotuvi's embrace {Corpsefed rMiasma Drain
                  | rN+}
 91399 | Slime:5  | Identified the scarf of Etiah {+Inv, Rampage *Corrode rPois
                  | MP+9}
 91417 | Slime:5  | Identified the +1 short sword of the Feather {heavy,
                  | Fragile rN+++ Str+6 Dex-5}
 91422 | Slime:5  | Identified the +6 scale mail of the Monkey's Uncle {Str+5}
 91459 | Slime:5  | Identified the +9 shortbow of the Chewing Gods {elec,
                  | Dex+2}
 91481 | Slime:5  | Got a slimy rune of Zot
 91495 | Slime:5  | Identified the +1 robe of Snakes and Ladders {rPois rF+ rC-
                  | rCorr}
 91506 | Slime:5  | Got the Catalogue of Grandeur
 92155 | Hell     | Entered the Vestibule of Hell
 92155 | Hell     | Noticed Geryon
 92217 | Depths:1 | Lost mutation: You are frail. (-10% HP) [potion of
                  | mutation]
 92217 | Depths:1 | Lost mutation: You have hoof-like feet. [potion of
                  | mutation]
 92217 | Depths:1 | Lost mutation: Your body sometimes deteriorates upon taking
                  | damage. [potion of mutation]
 92217 | Depths:1 | Gained mutation: You possess an exceptional clarity of
                  | mind. [potion of mutation]
 92217 | Depths:1 | Gained mutation: You are robust. (+10% HP) [potion of
                  | mutation]
 92413 | Hell     | Reached skill level 15 in Stealth
 92546 | Hell     | Noticed a dread lich
 92556 | Hell     | Killed a dread lich
 92625 | Hell     | Killed Geryon
 92686 | Hell     | Found a gateway to the decaying netherworld of Tartarus.
 92870 | Hell     | Found a gateway to the ashen valley of Gehenna.
 92946 | Hell     | Found a gateway to the Iron City of Dis.
 93037 | Hell     | Found a gateway to the freezing wastes of Cocytus.
 93380 | Coc:1    | Entered Level 1 of Cocytus
 93388 | Coc:1    | Reached skill level 15 in Transmutations
 93389 | Coc:1    | Reached skill level 15 in Necromancy
 95203 | Coc:7    | Entered Level 7 of Cocytus
 96028 | Coc:7    | Identified the +3 falchion of Wyrd {heavy, rC- Int+9 SInv}
 96225 | Coc:7    | Identified the +8 chain mail of the Fiddle {rElec}
 96279 | Coc:7    | Identified the +7 war axe of Integrity {flame, rF+ rN+
                  | Str+4}
 96486 | Coc:7    | Noticed the Serpent of Hell
 96510 | Coc:7    | Killed the Serpent of Hell
 96661 | Coc:7    | Noticed Antaeus
 96746 | Coc:7    | Killed Antaeus
 96813 | Coc:7    | Identified the ring of Jidiwam Zoet {rN+++ Str-2 Int+5
                  | SInv}
 96824 | Coc:7    | Got an icy rune of Zot
 97156 | Dis:1    | Entered Level 1 of the Iron City of Dis
 98463 | Dis:7    | Entered Level 7 of the Iron City of Dis
 98700 | Dis:7    | Noticed a juggernaut
 98719 | Dis:7    | Killed a juggernaut
 98720 | Dis:7    | Reached skill level 15 in Evocations
 98908 | Dis:7    | Noticed a juggernaut
 98920 | Dis:7    | Killed a juggernaut
 99674 | Dis:7    | Identified the +8 spear "Pininep" {heavy, rF+ Str+4}
 99925 | Dis:7    | Noticed a juggernaut
100026 | Dis:7    | Killed a juggernaut
100391 | Dis:7    | Noticed Dispater
100672 | Dis:7    | Killed Dispater
100748 | Dis:7    | Got an iron rune of Zot
100939 | Tar:1    | Entered Level 1 of Tartarus
101975 | Tar:5    | You fall into a shaft and drop 1 floor!
102388 | Tar:6    | Learned a level 8 spell: Discord
102427 | Tar:7    | Entered Level 7 of Tartarus
102737 | Tar:7    | Found the +16 obsidian axe {drain, demonic, Mesm Drain Fly
                  | SInv}
102742 | Tar:7    | Identified the staff of death "Pyzoben" {rN+ rCorr Str+4
                  | Int-2}
102746 | Tar:7    | Identified the +6 flail of the Gazing Seeker {drain, rF-
                  | rC++ Int+4}
103112 | Tar:7    | Got Mejudiba's Anthology of Transfiguration and the Fault
103117 | Tar:7    | Noticed an ancient lich
103124 | Tar:7    | Killed an ancient lich
103320 | Tar:7    | Noticed a dread lich
103330 | Tar:7    | Killed a dread lich
103388 | Tar:7    | Noticed an ancient lich
103392 | Tar:7    | Noticed a dread lich
103396 | Tar:7    | Killed an ancient lich
103398 | Tar:7    | Killed a dread lich
103408 | Tar:7    | Identified the ring of Lithram {Ice Stlth+}
103411 | Tar:7    | Identified the amulet of Patience {Acrobat rElec rC- Dex+5}
103416 | Tar:7    | Identified the ring of Xeofoit {rF+ rN+ Slay+4}
103787 | Tar:7    | Noticed Ereshkigal
103801 | Tar:7    | Killed Ereshkigal
103877 | Tar:7    | Identified the ring "Biag" {rC+ Str+6 Int+4}
103939 | Tar:7    | Got a bone rune of Zot
103963 | Tar:7    | Identified the +2 arbalest of a Billion Lives {flame, rPois
                  | rF+ Will+}
104277 | Depths:3 | Voluntarily entered the Abyss.
104365 | Abyss:3  | Got an abyssal rune of Zot
104545 | Abyss:3  | Found a corrupted altar of Lugonu.
104557 | Depths:3 | Escaped the Abyss
104693 | Geh:1    | Entered Level 1 of Gehenna
105423 | Geh:3    | You fall into a shaft and drop 3 floors!
105423 | Geh:6    | Noticed a dread lich
105640 | Geh:6    | Killed a dread lich
105766 | Geh:7    | Entered Level 7 of Gehenna
105790 | Geh:7    | Learned a level 2 spell: Wereblood
106617 | Geh:7    | Identified the orb "Suarghofy" {light, Harm Fly MP+9}
106620 | Geh:7    | Identified the staff of earth "Noexuod" {*Slow Int+3}
106622 | Geh:7    | Identified the amulet "Jifuo" {Faith Slay+2 SInv}
106625 | Geh:7    | Identified the amulet "Deoluel" {Faith rN+ Int+2 Dex+4
                  | SInv}
106627 | Geh:7    | Identified the amulet of Metuemm {RegenMP -Tele rPois rN+++
                  | Slay-3}
106635 | Geh:7    | Got the Precepts of the Igneous Tincture
106644 | Geh:7    | Identified the +8 lajatang "Feaxukyrph" {heavy, Stlth+}
106853 | Geh:7    | Identified the +1 scimitar of Blood-Lust {antimagic,
                  | Fragile rC+ Will++}
106912 | Geh:7    | Found the +13 sceptre of Asmodeus
106912 | Geh:7    | Noticed Asmodeus
106932 | Geh:7    | Killed Asmodeus
107035 | Geh:7    | Got an obsidian rune of Zot
107652 | Tomb:1   | Entered Level 1 of the Tomb of the Ancients
108077 | Tomb:1   | Noticed a royal mummy
108167 | Tomb:1   | Killed a royal mummy
108381 | Tomb:2   | Noticed a royal mummy
108381 | Tomb:2   | Noticed a royal mummy
108381 | Tomb:2   | Noticed a royal mummy
108381 | Tomb:2   | Noticed a royal mummy
108412 | Tomb:2   | Killed a royal mummy
108468 | Tomb:2   | Paralysed by a Zot trap for 4 turns
108477 | Tomb:2   | Paralysed by a Zot trap for 4 turns
108486 | Tomb:2   | Killed a royal mummy
108507 | Tomb:1   | Noticed a royal mummy
108516 | Tomb:1   | Killed a royal mummy
108535 | Tomb:1   | Noticed a royal mummy
108540 | Tomb:1   | Noticed a royal mummy
108542 | Tomb:1   | Killed a royal mummy
108548 | Tomb:1   | Killed a royal mummy
108577 | Tomb:1   | Noticed a royal mummy
108577 | Tomb:1   | Noticed a royal mummy
108591 | Tomb:1   | Killed a royal mummy
108593 | Tomb:1   | Killed a royal mummy
108680 | Tomb:1   | Noticed a royal mummy
108680 | Tomb:1   | Noticed a royal mummy
108682 | Tomb:1   | Killed a royal mummy
108686 | Tomb:1   | Killed a royal mummy
108695 | Tomb:1   | Noticed a royal mummy
108704 | Tomb:1   | Killed a royal mummy
108715 | Tomb:1   | Noticed a royal mummy
108721 | Tomb:1   | Killed a royal mummy
108746 | Tomb:1   | Noticed a royal mummy
108751 | Tomb:1   | Killed a royal mummy
108784 | Tomb:1   | Noticed a royal mummy
108788 | Tomb:1   | Noticed a royal mummy
108789 | Tomb:1   | Killed a royal mummy
108794 | Tomb:1   | Killed a royal mummy
108852 | Tomb:1   | Noticed a royal mummy
108859 | Tomb:1   | Killed a royal mummy
108860 | Tomb:1   | Noticed a royal mummy
108866 | Tomb:1   | Killed a royal mummy
108909 | Tomb:1   | Noticed a royal mummy
108914 | Tomb:1   | Noticed a royal mummy
108915 | Tomb:1   | Killed a royal mummy
108916 | Tomb:1   | Noticed a royal mummy
108916 | Tomb:1   | Noticed a royal mummy
108916 | Tomb:1   | Noticed a royal mummy
108922 | Tomb:1   | Killed a royal mummy
109110 | Tomb:2   | Killed a royal mummy
109120 | Tomb:2   | Killed a royal mummy
110109 | Zot:5    | Noticed a dread lich
110114 | Zot:5    | Noticed an orb of fire
110115 | Zot:5    | Killed a dread lich
110123 | Zot:5    | Killed an orb of fire
110132 | Zot:5    | Noticed a dread lich
110273 | Zot:5    | Noticed a dread lich
110278 | Zot:5    | Noticed a dread lich
110283 | Zot:5    | Killed a dread lich
110286 | Zot:5    | Killed a dread lich
110289 | Zot:5    | Killed a dread lich
110481 | Zot:5    | Noticed an orb of fire
110482 | Zot:5    | Gained mutation: You are occasionally teleported next to
                  | monsters. [an orb of fire]
110488 | Zot:5    | Killed an orb of fire
110502 | Zot:5    | Lost mutation: You have large cloven feet. [potion of
                  | mutation]
110502 | Zot:5    | Lost mutation: You possess an exceptional clarity of mind.
                  | [potion of mutation]
110502 | Zot:5    | Lost mutation: You are robust. (+10% HP) [potion of
                  | mutation]
110502 | Zot:5    | Gained mutation: You expend magic power (3 MP) to
                  | strengthen your wands. [potion of mutation]
110502 | Zot:5    | Gained mutation: You are agile. (Dex +4, Str/Int -1)
                  | [potion of mutation]
110502 | Zot:5    | Gained mutation: You have large cloven feet. [potion of
                  | mutation]
110502 | Zot:5    | Gained mutation: You are partially covered in iridescent
                  | scales. (AC +2) [potion of mutation]
110503 | Zot:5    | Lost mutation: You are agile. (Dex +4, Str/Int -1) [potion
                  | of mutation]
110503 | Zot:5    | Lost mutation: You are partially covered in iridescent
                  | scales. (AC +2) [potion of mutation]
110503 | Zot:5    | Gained mutation: Armour fits poorly on your strangely
                  | shaped body. [potion of mutation]
110503 | Zot:5    | Gained mutation: You are partially covered in iridescent
                  | scales. (AC +2) [potion of mutation]
110504 | Zot:5    | Lost mutation: You are partially covered in iridescent
                  | scales. (AC +2) [potion of mutation]
110504 | Zot:5    | Lost mutation: You are occasionally teleported next to
                  | monsters. [potion of mutation]
110504 | Zot:5    | Gained mutation: Your mind is acute. (Int +4, Str/Dex -1)
                  | [potion of mutation]
110504 | Zot:5    | Gained mutation: You are somewhat resistant to further
                  | mutation. [potion of mutation]
110504 | Zot:5    | Gained mutation: Your mind is very acute. (Int +8, Str/Dex
                  | -2) [potion of mutation]
110505 | Zot:5    | Lost mutation: You are somewhat resistant to further
                  | mutation. [potion of mutation]
110505 | Zot:5    | Lost mutation: You have large cloven feet. [potion of
                  | mutation]
110505 | Zot:5    | Gained mutation: You have sharp fingernails. [potion of
                  | mutation]
110506 | Zot:5    | Lost mutation: Your mind is very acute. (Int +8, Str/Dex
                  | -2) [potion of mutation]
110506 | Zot:5    | Lost mutation: You expend magic power (3 MP) to strengthen
                  | your wands. [potion of mutation]
110506 | Zot:5    | Lost mutation: Your mind is acute. (Int +4, Str/Dex -1)
                  | [potion of mutation]
110506 | Zot:5    | Gained mutation: You have very sharp fingernails. [potion
                  | of mutation]
110506 | Zot:5    | Gained mutation: Your flesh is cold resistant. (rC+)
                  | [potion of mutation]
110507 | Zot:5    | Lost mutation: You have very sharp fingernails. [potion of
                  | mutation]
110507 | Zot:5    | Lost mutation: Your flesh is cold resistant. (rC+) [potion
                  | of mutation]
110507 | Zot:5    | Lost mutation: Armour fits poorly on your strangely shaped
                  | body. [potion of mutation]
110507 | Zot:5    | Gained mutation: Your system is resistant to poisons.
                  | (rPois) [potion of mutation]
110507 | Zot:5    | Gained mutation: You occasionally lose the ability to drink
                  | potions when taking damage. [potion of mutation]
110508 | Zot:5    | Lost mutation: Your system is resistant to poisons. (rPois)
                  | [potion of mutation]
110508 | Zot:5    | Lost mutation: You occasionally lose the ability to drink
                  | potions when taking damage. [potion of mutation]
110508 | Zot:5    | Lost mutation: You have sharp fingernails. [potion of
                  | mutation]
110508 | Zot:5    | Gained mutation: You are clumsy. (Dex -2) [potion of
                  | mutation]
110508 | Zot:5    | Gained mutation: You expend magic power (3 MP) to
                  | strengthen your wands. [potion of mutation]
110508 | Zot:5    | Gained mutation: You have sharp fingernails. [potion of
                  | mutation]
110509 | Zot:5    | Lost mutation: You have sharp fingernails. [potion of
                  | mutation]
110509 | Zot:5    | Lost mutation: You are clumsy. (Dex -2) [potion of
                  | mutation]
110509 | Zot:5    | Gained mutation: Your system is resistant to poisons.
                  | (rPois) [potion of mutation]
110509 | Zot:5    | Gained mutation: You are dopey. (Int -2) [potion of
                  | mutation]
110510 | Zot:5    | Lost mutation: Your system is resistant to poisons. (rPois)
                  | [potion of mutation]
110510 | Zot:5    | Lost mutation: You are dopey. (Int -2) [potion of mutation]
110510 | Zot:5    | Gained mutation: You have large cloven feet. [potion of
                  | mutation]
110510 | Zot:5    | Gained mutation: You are clumsy. (Dex -2) [potion of
                  | mutation]
110510 | Zot:5    | Gained mutation: Your spells are a little harder to cast,
                  | but a little more powerful. [potion of mutation]
110511 | Zot:5    | Lost mutation: You expend magic power (3 MP) to strengthen
                  | your wands. [potion of mutation]
110511 | Zot:5    | Lost mutation: Your spells are a little harder to cast, but
                  | a little more powerful. [potion of mutation]
110511 | Zot:5    | Lost mutation: You have large cloven feet. [potion of
                  | mutation]
110511 | Zot:5    | Gained mutation: Your spells are a little harder to cast,
                  | but a little more powerful. [potion of mutation]
110511 | Zot:5    | Gained mutation: You are partially covered in large bone
                  | plates. (SH +4) [potion of mutation]
110511 | Zot:5    | Gained mutation: You are weak. (Str -2) [potion of
                  | mutation]
110512 | Zot:5    | Lost mutation: Your spells are a little harder to cast, but
                  | a little more powerful. [potion of mutation]
110512 | Zot:5    | Lost mutation: You are weak. (Str -2) [potion of mutation]
110512 | Zot:5    | Gained mutation: Your flesh is cold resistant. (rC+)
                  | [potion of mutation]
110512 | Zot:5    | Gained mutation: You are covered in fur. (AC +1) [potion of
                  | mutation]
110512 | Zot:5    | Gained mutation: Your body sometimes deteriorates upon
                  | taking damage. [potion of mutation]
110512 | Zot:5    | Gained mutation: You are strong-willed. (Will+) [potion of
                  | mutation]
110513 | Zot:5    | Lost mutation: You are partially covered in large bone
                  | plates. (SH +4) [potion of mutation]
110513 | Zot:5    | Lost mutation: Your body sometimes deteriorates upon taking
                  | damage. [potion of mutation]
110513 | Zot:5    | Gained mutation: You have a pair of small horns on your
                  | head. [potion of mutation]
110513 | Zot:5    | Gained mutation: You are covered in thick fur. (AC +2)
                  | [potion of mutation]
110514 | Zot:5    | Lost mutation: Your flesh is cold resistant. (rC+) [potion
                  | of mutation]
110514 | Zot:5    | Lost mutation: You are strong-willed. (Will+) [potion of
                  | mutation]
110514 | Zot:5    | Lost mutation: You are covered in thick fur. (AC +2)
                  | [potion of mutation]
110515 | Zot:5    | Lost mutation: You are covered in fur. (AC +1) [potion of
                  | mutation]
110515 | Zot:5    | Lost mutation: You have a pair of small horns on your head.
                  | [potion of mutation]
110515 | Zot:5    | Gained mutation: Your movements are slightly less
                  | encumbered by armour. (ER -2) [potion of mutation]
110515 | Zot:5    | Gained mutation: You have a beak for a mouth. [potion of
                  | mutation]
110515 | Zot:5    | Gained mutation: Your mind is acute. (Int +4, Str/Dex -1)
                  | [potion of mutation]
110516 | Zot:5    | Lost mutation: You have a beak for a mouth. [potion of
                  | mutation]
110516 | Zot:5    | Lost mutation: Your mind is acute. (Int +4, Str/Dex -1)
                  | [potion of mutation]
110516 | Zot:5    | Lost mutation: Your movements are slightly less encumbered
                  | by armour. (ER -2) [potion of mutation]
110516 | Zot:5    | Gained mutation: You have a somewhat thin skeletal
                  | structure. (Dex +2, Stealth+) [potion of mutation]
110517 | Zot:5    | Lost mutation: You have a somewhat thin skeletal structure.
                  | (Dex +2, Stealth+) [potion of mutation]
110517 | Zot:5    | Lost mutation: You are clumsy. (Dex -2) [potion of
                  | mutation]
110517 | Zot:5    | Gained mutation: Your movements are slightly less
                  | encumbered by armour. (ER -2) [potion of mutation]
111563 | Tomb:1   | Killed a royal mummy
111577 | Tomb:1   | Noticed a royal mummy
111584 | Tomb:1   | Killed a royal mummy
111593 | Tomb:1   | Noticed a royal mummy
111599 | Tomb:1   | Killed a royal mummy
111651 | Tomb:1   | Killed a royal mummy
111680 | Tomb:1   | Killed a royal mummy
111863 | Tomb:3   | Entered Level 3 of the Tomb of the Ancients
111868 | Tomb:3   | Noticed an ancient lich
111874 | Tomb:3   | Noticed a royal mummy
111874 | Tomb:3   | Noticed a royal mummy
111874 | Tomb:3   | Noticed a royal mummy
111877 | Tomb:3   | Noticed a royal mummy
111877 | Tomb:3   | Noticed a royal mummy
111880 | Tomb:3   | Killed a royal mummy
111887 | Tomb:3   | Killed a royal mummy
111936 | Tomb:3   | Noticed a royal mummy
111941 | Tomb:3   | Killed a royal mummy
111942 | Tomb:3   | Noticed a royal mummy
111942 | Tomb:3   | Noticed a royal mummy
111964 | Tomb:3   | Killed a royal mummy
111972 | Tomb:3   | Killed a royal mummy
111994 | Tomb:3   | Killed a royal mummy
111997 | Tomb:3   | Killed a royal mummy
112002 | Tomb:3   | Killed a royal mummy
112091 | Tomb:3   | Killed an ancient lich
112138 | Tomb:3   | Identified the +2 shortbow "Haolicw" {drain, Contam Int+5}
112140 | Tomb:3   | Identified the +7 morningstar of the Twenty Nightmares
                  | {vamp, Fragile rCorr MP+9}
112141 | Tomb:3   | Identified the ring of Xom's Recklessness {rC+ rCorr MP+9
                  | Str+3 Int-2}
112160 | Tomb:3   | Identified the staff of fire "Cotis" {rPois rF+ rC++ rN+++
                  | Str-3}
112161 | Tomb:3   | Identified the +2 robe of the Present {Rampage rCorr Int-3
                  | Dex-5}
112162 | Tomb:3   | Identified the +1 pair of gloves "Riepn" {rN+ Int+2 Stlth+}
112249 | Tomb:3   | Got a golden rune of Zot
112912 | Zig:1    | Entered Level 1 of a ziggurat
112954 | Zig:2    | Entered Level 2 of a ziggurat
113004 | Zig:3    | Entered Level 3 of a ziggurat
113036 | Zig:4    | Entered Level 4 of a ziggurat
113060 | Zig:4    | Identified the +1 scale mail of Uskayaw's Reproof {Harm
                  | Drain rC+}
113065 | Zig:5    | Entered Level 5 of a ziggurat
113074 | Zig:5    | Paralysed by a wendigo for 1 turns
113083 | Zig:5    | Identified the +0 leather armour of Dabody {Fly rCorr Int-2
                  | Dex+6}
113097 | Zig:6    | Entered Level 6 of a ziggurat
113101 | Zig:6    | Noticed a royal mummy
113104 | Zig:6    | Noticed a royal mummy
113108 | Zig:6    | Killed a royal mummy
113113 | Zig:6    | Killed a royal mummy
113171 | Zig:7    | Entered Level 7 of a ziggurat
113201 | Zig:7    | Identified the +0 quarterstaff of Neuwkukle {venom, rC+
                  | Int+2}
113275 | Zig:8    | Entered Level 8 of a ziggurat
113382 | Zig:8    | Identified the ring "Xusuris" {Fly rPois Will- Dex-4
                  | Slay+5}
113389 | Zig:8    | Identified the +5 halberd of Discomfort {protect, Int+2}
113404 | Zig:9    | Entered Level 9 of a ziggurat
113446 | Zig:9    | Got Woyfa's Atlas of the Coals
113460 | Zig:9    | Identified the +9 long sword of the Magi {flame, rN+++
                  | Str+6}
113485 | Zig:10   | Entered Level 10 of a ziggurat
113499 | Zig:10   | Noticed an orb of fire
113500 | Zig:10   | Noticed an orb of fire
113503 | Zig:10   | Killed an orb of fire
113518 | Zig:10   | Killed an orb of fire
113641 | Zig:10   | Acquired a manual of Summonings
113663 | Zig:11   | Entered Level 11 of a ziggurat
113770 | Zig:11   | Identified the +4 plate armour "Joupoebe" {Rampage Regen+}
113771 | Zig:11   | Identified the +6 great sword of the Ancients {heavy, rElec
                  | Str+4 Dex+3 SInv}
113781 | Zig:11   | Reached skill level 15 in Summonings
113784 | Zig:11   | Acquired 1060 gold pieces
113789 | Zig:11   | Identified the +2 falchion "Plog" {vamp, Str+3 Int+2}
114154 | Zot:5    | Got the Orb of Zot
114486 | Depths:4 | Killed a dread lich
114508 | Depths:4 | Killed Poanarph's ghost
114782 | D:13     | Noticed Wecluss the pandemonium lord
114782 | D:13     | Noticed an ancient lich
114790 | D:13     | Killed Wecluss the pandemonium lord
114798 | D:13     | Killed an ancient lich
114827 | D:13     | Noticed a seraph
114882 | D:12     | Noticed Muskalan the pandemonium lord
114925 | D:13     | Killed a seraph
115201 | D:1      | Noticed Moenaer the pandemonium lord
115206 | D:1      | Noticed Koipyekorch the pandemonium lord
115208 | D:1      | Killed Moenaer the pandemonium lord
115210 | D:1      | Killed Koipyekorch the pandemonium lord
115246 | D:$      | Escaped with the Orb!

Illustrated notes

Levels and vault maps discovered:
D:1:      saegor_arrival_under_anarchy, layout_loops_corners,
          wander_ebering_terrifying_dragon_lair
D:2:      layout_loops_corners, serial_shops, nicolae_shop_behind_doors
D:3:      layout_basic, serial_park_tiny_1, uniq_crazy_yiuf_cottage,
          uniq_grinder, uniq_sigmund
D:4:      layout_basic, serial_shops, shop, shop
D:5:      layout_rooms, saegor_snake_ambush, uniq_menkaure
D:6:      hangedman_cross_stitches, layout_cave_pools, nicolae_overflow_squiral,
          old_standard_altar, minmay_temple_entry_enclosed_plants
D:7:      nzn_winding_woodlands_stair_cross
          [nzn_winding_woodlands_5x15_split_checker,
          nzn_winding_woodlands_center_triple_pond,
          nzn_winding_woodlands_5x15_twine, nzn_winding_woodlands_5x5_perimeter,
          nzn_winding_woodlands_5x5_checkerboard,
          nzn_winding_woodlands_5x15_river_crossing,
          nzn_winding_woodlands_center_garden,
          nzn_winding_woodlands_5x15_sawtooth], layout_basic, minmay_nine_imps
D:8:      layout_gridville, lair_entry_dummy, hangedman_decor_riveting
D:9:      layout_loops_corners, gammafunk_ghost_grave, uniq_prince_ribbit1
D:10:     layout_loops_ring, erik_orc_4, gammafunk_ghost_ooze
D:11:     gammafunk_indiana_jones, layout_basic, minmay_bent, uniq_amaemon
D:12:     layout_stronghold, tso_metal_star, uniq_erolcha, uniq_maurice,
          uniq_rupert
D:13:     layout_irregular_city, ebering_ghost_reflecting_pool, tgw_lugonu_bribe
D:14:     layout_irregular_city, grunt_vaults_entry_tiered, nzn_ghost_randoct
D:15:     hangedman_depths_entry_civil_slaughter, layout_gridville,
          nicolae_kite_square_tiling_tiny
Temple:   compressed_dpeg_triangle_lava_temple
Lair:1:   layout_gridlike, minivault_24, st_stairs_5, infiniplex_staircase_pool
Lair:2:   layout_cave_pods
Lair:3:   layout_chaotic_city, minmay_shoals_entry_hut, spider_nest_entry_a,
          uniq_josephine
Lair:4:   layout_loops_ring, slime_entry_1, tgw_fedhas,
          infiniplex_staircase_pool_2, grunt_megastairs_5
Lair:5:   due_jungle_book, layout_regular_city, grunt_megastairs_3, uniq_nessos
Shoals:1: layout_shoals, st_sunken_temple
Shoals:2: layout_shoals, uniq_ilsuiw, uniq_polyphemus
Shoals:3: layout_shoals
Shoals:4: shoals_end_hangedman, layout_shoals, shoals_ilsuiw_alternative,
          nicolae_shoals_beach_cooler
Spider:1: nicolae_spider_mines_3, nicolae_spider_jagged_tunnels, uniq_agnes
Spider:2: layout_cave_pods
Spider:3: layout_spider_delve, drop_trap, amcnicky_altar_lugonu_corruption
Spider:4: grunt_spider_rune_circles
Slime:1:  layout_caves, cheibrodos_slime_lost_civilization_5
Slime:2:  cheibrodos_slime_lost_civilization_10, layout_caves
Slime:3:  layout_caves
Slime:4:  layout_caves
Slime:5
Orc:1:    layout_diamond_mine, serial_shops, nicolae_shop_stone,
          nicolae_shop_competitors_out_of_business,
          nicolae_shop_overgrown_old_shop, nicolae_shop_bloodbath_and_beyond,
          lightli_volcano_entry_magma_tube, basic_altar, rock_pile, uniq_fannar
Orc:2:    st_orc_congregation, layout_diamond_mine, minmay_orc_temple_a
Elf:1:    minmay_elf_arrival_circle, layout_loops_ring,
          portal_ice_cave_entry_ice_statue_two, minmay_elf_sorcery
Elf:2:    nicolae_elf_blades_splatter_lattice [nicolae_blade_little_rooms],
          layout_rooms
Elf:3:    minmay_elf_hall_statues, layout_geoelf_octagon, gammafunk_ghost_grave,
          minmay_shoptagon
Vaults:1: nicolae_vaults_heist, ontoclasm_vaults_ring_large, v_misc_1,
          nicolae_vaults_tangram_1, nicolae_vaults_trapezoid_lopsided_2,
          vaults_mumra_hexcomb, st_cells, ontoclasm_vaults_ligature,
          vaults_room_grunt_arrival_ludios, layout_vaults_omnigrid, uniq_zenata
Vaults:2: vaults_mumra_hex, nicolae_vaults_diamond_1,
          nicolae_vaults_trapezoid_lopsided_1, v_misc_11, v_misc_23,
          v_pattern_5, nicolae_vaults_meiosis, nicolae_vaults_apartment_1,
          vaults_room_large_hall, nicolae_vaults_network_star,
          nicolae_vaults_door_testing_chamber,
          nicolae_vaults_security_offices_2, nicolae_vaults_trapezoid_1,
          nicolae_vaults_tangram_1, nicolae_vaults_variable_pillar_hall,
          layout_vaults_ring, serial_shops, shop, shop, shop, uniq_xtahua
Vaults:3: nicolae_vaults_six-pack, nicolae_vaults_hallways_thing,
          vaults_dpeg_spiral, nicolae_vaults_little_squares_5,
          minmay_crypt_entry_simple_sparse, nicolae_vaults_tangram_2, v_misc_31,
          st_cross, nicolae_vaults_hexular_roomagon, v_misc_3,
          hangedman_vaults_stream, nicolae_vaults_more_shelving_2,
          nicolae_vaults_trapezoid_3, nicolae_vaults_stepped_doors,
          layout_vaults_omnibox, serial_shops, shop, nicolae_shop_drivethru,
          shop
Vaults:4: nicolae_vaults_trapezoid_1, nicolae_vaults_cornered_office, v_misc_25,
          nicolae_vaults_tetromino_T_2, nicolae_vaults_octothorpe,
          nicolae_vaults_network_periphery, nicolae_vaults_ninety_degrees,
          nicolae_vaults_surprise_closet, st_check,
          nicolae_vaults_network_barrier, nicolae_vaults_closet_pinwheel_1,
          layout_vaults_maze
Vaults:5: uniq_margery
Crypt:1:  layout_rooms, uniq_josephina
Crypt:2:  cheibrodos_crypt_down_in_the_bonehoard, layout_basic,
          hex_intersection, grunt_ministairs_1, serial_sigils_hangedman_confine,
          nicolae_crypt_little_mausoleum, uniq_frederick
Crypt:3:  church_of_pain_bobbens, layout_chaotic_city, tomb_entry_simple_bobbens
Tomb:1
Tomb:2
Tomb:3
Depths:1: layout_honeycomb, enter_ziggurat_c, pf_hell_entry_tar_spiral,
          rand_demon_pan_entry_9, amcnicky_mini_pool_medium, uniq_saint_roka
Depths:2: minmay_the_grid_triangle_9x9_rhombus_thin
          [minmay_the_grid_triangle_9x9_limited_checkers,
          minmay_the_grid_triangle_9x9_prize_schism,
          minmay_the_grid_triangle_9x9_checkered,
          minmay_the_grid_triangle_9x9_wacky_v], layout_gridville,
          rand_demon_pan_entry_1, hell_entry, infiniplex_staircase_x,
          serial_bayou_shore_a, minmay_shop_grove
Depths:3: minmay_box_of_curves, layout_basic, rand_demon_pan_entry_7,
          nicolae_ru_the_path_less_chosen, marbit_kobold_abyss_entry,
          hell_entry, minmay_statues_item, corexii_leaking_fountain
Depths:4: grunt_twist_and_shout, layout_cave_shapes,
          muffindrake_ghost_dual_entry, rand_demon_pan_entry_8, hell_entry,
          ashenzari_altar_1
Hell
Dis:1:    layout_subdivisions
Dis:2:    layout_regular_city
Dis:3:    layout_subdivisions
Dis:4:    layout_subdivisions, nicolae_dis_grated_feature
Dis:5:    layout_subdivisions, nicolae_hells_hurtin_island
Dis:6:    layout_jigsaw
Dis:7:    dis_grunt_layers
Geh:1:    layout_gehenna_lava_caves
Geh:2:    layout_gehenna_lava_caves, nicolae_geh_lava_rosette
Geh:3:    layout_gehenna_lava_caves
Geh:6:    layout_gehenna_pools_triple
Geh:7:    evilmike_geh
Coc:1:    layout_ice_bergs
Coc:2:    layout_ice_bergs
Coc:3:    layout_cocytus_delve, nicolae_hells_seeping_fissure
Coc:4:    layout_ice_bergs
Coc:5:    layout_cocytus_water_paths
Coc:6:    layout_cocytus_water_paths
Coc:7:    coc_mu
Tar:1:    layout_grid_maze
Tar:2:    layout_grid_maze
Tar:3:    layout_cathedral_of_symmetry, nicolae_tar_cuneiform_to_be
Tar:4:    layout_grid_maze, nicolae_tar_four_comb_rooms
Tar:5:    layout_cathedral_of_symmetry, lemuel_nasty_pond
Tar:6:    layout_grid_maze, nicolae_tar_honey_rotating
Tar:7:    tar_grunt_cathedral
Zot:1:    nicolae_moth_party, layout_concentric_octagons, grunt_megastairs_4
Zot:2:    kennysheep_blocky_hall, layout_onion, skrybe_zot_glass_1
Zot:3:    layout_gridlike, uniq_vv
Zot:4:    lemuel_acid_trip, layout_concentric_octagons
Zot:5:    layout_misc_corridors

Skill      XL: |  1  2  3  4  5  6  7  8  9 10 11 12 13 14 15 16 17 18 19 20 21 22 23 24 25 26 27 |
---------------+----------------------------------------------------------------------------------+-----
Fighting       | 4 5 6 8 11 12 13 14 15 16 17 20 21 27 | 27.0
Long Blades    | 4 5 6 8 10 12 14 15 17 19 20 21 22 27 | 27.0
Armour         | 2 3 5 6 8 9 10 11 15 19 20 23 | 23.8
Dodging        | 4 5 6 8 9 10 11 12 13 14 15 25 | 25.0
Evocations     | 1 3 4 5 6 7 8 9 10 12 18 | 18.4
Invocations    | 2 4 5 6 7 8 9 10 13 | 13.5
Ranged Weapons | 3 5 6 8 9 10 12 15 16 17 18 20 | 20.0
Translocations | 4 5 6 8 9 10 12 | 12.0
Ice Magic      | 4 5 6 8 10 12 | 12.8
Spellcasting   | 3 5 6 7 8 9 12 14 26 | 26.0
Air Magic      | 4 5 6 7 8 10 12 | 12.4
Conjurations   | 1 2 3 4 |  4.0
Poison Magic   | 2 3 4 |  4.0
Summonings     | 3 5 6 8 10 11 16 | 16.6
Throwing       | 2 4 5 |  5.0
Hexes          | 4 6 7 8 10 11 23 | 23.0
Necromancy     | 2 3 4 6 22 | 22.0
Stealth        | 2 4 7 10 18 | 18.5
Transmutations | 23 | 23.0

Action                     |  1- 3 |  4- 6 |  7- 9 | 10-12 | 13-15 | 16-18 | 19-21 | 22-24 | 25-27 || total
---------------------------+-------+-------+-------+-------+-------+-------+-------+-------+-------++-------
  Melee: Falchion          |   113 |   120 |   208 |   213 |       |       |       |       |       ||   654
         Dagger            |       |       |       |     6 |    14 |       |       |       |       ||    20
         Long sword        |       |       |       |   366 |   655 |       |       |       |       ||  1021
         Great sword       |       |       |       |       |   298 |   586 |       |       |       ||   884
         Triple sword      |       |       |       |       |       |    20 |   235 |   456 |  4338 ||  5049
         Arbalest          |       |       |       |       |       |       |       |       |    13 ||    13
   Fire: Longbow           |       |       |       |       |   338 |   565 |   284 |       |       ||  1187
         Arbalest          |       |       |       |       |       |       |   514 |   605 |  3540 ||  4659
  Throw: Boomerang         |       |       |    11 |     4 |     6 |       |       |       |       ||    21
         Dart              |       |       |       |     2 |       |     8 |     1 |       |       ||    11
         Javelin           |       |       |       |       |     3 |       |       |       |       ||     3
         Throwing net      |       |       |       |       |       |       |       |       |     1 ||     1
   Cast: Frozen Ramparts   |       |       |       |       |     1 |    11 |     5 |       |       ||    17
         Mephitic Cloud    |       |       |       |       |    40 |    51 |    26 |     5 |     1 ||   123
         Summon Small Mamm |       |       |       |       |     2 |       |     1 |       |       ||     3
         Ozocubu's Armour  |       |       |       |       |     2 |     8 |     2 |       |     9 ||    21
         Call Canine Famil |       |       |       |       |     1 |     2 |     1 |       |     1 ||     5
         Blink             |       |       |       |       |     1 |     1 |       |     1 |     5 ||     8
         Manifold Assault  |       |       |       |       |       |    10 |    24 |   193 |  1424 ||  1651
         Summon Guardian G |       |       |       |       |       |     8 |    30 |    23 |    60 ||   121
         Lesser Beckoning  |       |       |       |       |       |     1 |     5 |       |       ||     6
         Swiftness         |       |       |       |       |       |       |     5 |     4 |    13 ||    22
         Summon Mana Viper |       |       |       |       |       |       |       |     1 |     9 ||    10
         Silence           |       |       |       |       |       |       |       |     2 |     3 ||     5
         Sublimation of Bl |       |       |       |       |       |       |       |    30 |    18 ||    48
         Portal Projectile |       |       |       |       |       |       |       |       |    73 ||    73
         Enfeeble          |       |       |       |       |       |       |       |       |   160 ||   160
         Necromutation     |       |       |       |       |       |       |       |       |   133 ||   133
         Discord           |       |       |       |       |       |       |       |       |    35 ||    35
         Yara's Violent Un |       |       |       |       |       |       |       |       |     9 ||     9
         Passage of Golubr |       |       |       |       |       |       |       |       |     9 ||     9
         Summon Forest     |       |       |       |       |       |       |       |       |     3 ||     3
         Wereblood         |       |       |       |       |       |       |       |       |     1 ||     1
 Invoke: Recall Ancestor   |       |       |     2 |    10 |    34 |    12 |    21 |     9 |    60 ||   148
         Ancestor Life: Kn |       |       |     1 |       |       |       |       |       |       ||     1
         Ancestor Identity |       |       |     1 |       |       |       |       |       |       ||     1
         Transference      |       |       |       |       |     1 |     1 |       |       |       ||     2
         Idealise          |       |       |       |       |     2 |     2 |     1 |     1 |    17 ||    23
Ability: Hop               |     1 |     3 |     5 |     4 |    14 |    23 |    18 |    11 |    60 ||   139
         Evoke Blink       |       |       |       |       |       |     1 |       |       |       ||     1
         End Transformatio |       |       |       |       |       |       |       |       |    10 ||    10
  Evoke: Wand              |       |       |     2 |     2 |     6 |     2 |       |     1 |     9 ||    22
         Box of beasts     |       |       |       |       |       |       |       |       |     1 ||     1
    Use: Scroll            |       |     6 |     3 |     5 |    22 |    23 |     5 |    13 |    67 ||   144
         Potion            |       |       |       |     1 |     1 |     7 |     1 |     2 |    42 ||    54
   Stab: Distracted        |       |       |     2 |     7 |    16 |     7 |     5 |       |    50 ||    87
         Invisible         |       |       |       |       |     1 |       |       |       |     6 ||     7
         Confused          |       |       |       |       |    12 |    15 |     6 |     1 |       ||    34
         Sleeping          |       |       |       |       |     2 |     1 |       |     2 |     7 ||    12
 Armour: Ring mail         |    34 |    27 |    40 |   124 |   231 |    15 |       |       |       ||   471
         Leather armour    |     2 |       |       |       |       |       |       |       |       ||     2
         Swamp dragon scal |       |       |       |       |       |   519 |   123 |    85 |    46 ||   773
         Pearl dragon scal |       |       |       |       |       |       |       |       |  1449 ||  1449
  Dodge: Dodged            |    61 |    92 |   190 |   429 |   831 |  1198 |   278 |   210 |  3537 ||  6826
